 Dungeon Crawl Stone Soup version 0.31-a0-214-gb37851dbb3 (webtiles) character file.

Game seed: 10617875675742519882

361978 qw the Hoplite (level 22, -3/152 HPs)
             Began as a Gargoyle Fighter on July 1, 2023.
             Was a High Priest of Okawaru.
             Slain by a deep troll earth mage (10 damage)
             ... on level 2 of the Depths.
             The game lasted 00:25:12 (39180 turns).

qw the Hoplite (Gargoyle Fighter)                  Turns: 39180, Time: 00:25:13

Health: -3/152     AC: 58    Str: 57    XL:     22   Next: 46%
Magic:  28/29      EV: 14    Int: 11    God:    Okawaru [*****.]
Gold:   534        SH: 23    Dex:  9    Spells: 21/21 levels left

rFire   x . .        u - +1 broad axe "Caargh" {flame, Will+ Str+3 SInv}
rCold   + . .        n - +0 tower shield
rNeg    + . .        b - +3 plate armour {rC+}
rPois   inf          O - +0 helmet of the Good {Fly Regen+ Int+3}
rElec   +            P - +2 cloak {Will+}
rCorr   +            A - +2 pair of gloves {Str+3}
SInv    +            o - +1 pair of boots of the Thunderstorm {*Slow rC- Str+10}
Will    +++..        v - amulet of faith Stlth
                     z - ring "Pollaill" {Ice rElec rCorr Str+9 Stlth-}
HPRegen 1.25/turn    S - +4 ring of protection
MPRegen 0.21/turn

%: slow self (1%), faith
@: about to teleport, heroic, finesse-ful, flying
A: sickness immunity, AC +16, big wings, negative energy resistance 1,
electricity resistance, torment resistance 1, petrification resistance
}: 2/15 runes: decaying, serpentine
a: Renounce Religion, Heroism, Finesse, Duel


You were on level 2 of the Depths.
You worshipped Okawaru.
Okawaru was extremely pleased with you.
You visited 8 branches of the dungeon, and saw 37 of its levels.

You collected 3931 gold pieces.
You spent 3397 gold pieces at shops.


Innate Abilities, Weirdness & Mutations

You are immune to sickness and miasma.
Your stone body is resilient. (AC +16)
You are immune to poison.
Your large and strong wings let you fly.
You resist negative energy. (rN+)
You are resistant to electric shocks. (rElec)
You are resistant to unholy torment.
You are immune to petrification.


   Skills:
 + Level 20.3(25.3) Fighting
 - Level 18.0(23.0) Axes
 - Level 9.4(14.4) Throwing
 - Level 19.0(24.0) Armour
 - Level 7.0(12.0) Dodging
 - Level 21.0(26.0) Shields
 - Level 10.0 Invocations


You had 21 spell levels left.
You didn't know any spells.
Your spell library was empty.

Inventory:

Hand Weapons
 a - a +2 broad axe of pain
 u - the +1 broad axe "Caargh" (weapon) {flame, Will+ Str+3 SInv}
   (You acquired it on level 9 of the Dungeon)

   Str:       It affects your strength (+3).
   SInv:      It lets you see invisible.
   Will:      It increases your willpower.
Missiles
 q - 17 boomerangs
 J - 2 silver boomerangs
Armour
 b - a +3 plate armour of cold resistance (worn)
 h - the +7 kite shield of Yroorysi {*Corrode rC- Int+8 Slay+6}
   (You acquired it on level 2 of the Dungeon)

   Int:       It affects your intelligence (+8).
   Slay:      It affects your accuracy & damage with ranged weapons and melee
   (+6).
   rC:        It makes you vulnerable to cold.
   *Corrode:  It may corrode you when you take damage.
 i - a +1 kite shield of resistance
 m - a scarf of resistance
 n - a +0 tower shield (worn)
 o - the +1 pair of boots of the Thunderstorm (worn) {*Slow rC- Str+10}
   (Okawaru gifted it to you on level 3 of the Lair of Beasts)

   Str:       It affects your strength (+10).
   rC:        It makes you vulnerable to cold.
   *Slow:     It may slow you when you take damage.
 A - a +2 pair of gloves of strength (worn)
 E - a +8 chain mail of ponderousness
 G - the -1 pair of boots "Neli" {*Corrode rF++ MP+9}
   (You found it on level 4 of the Swamp)

   rF:        It greatly protects you from fire.
   MP:        It affects your magic capacity (+9).
   *Corrode:  It may corrode you when you take damage.
 H - +0 fire dragon scales
 M - the +4 plate armour of the Eight Moons {Harm}
   (You bought it in a shop on level 2 of the Orcish Mines)

   Harm:      It increases damage dealt and taken.
 O - the +0 helmet of the Good (worn) {Fly Regen+ Int+3}
   (Okawaru gifted it to you on level 1 of the Snake Pit)

   Int:       It affects your intelligence (+3).
   Fly:       It grants you flight.
   Regen:     It increases your rate of health regeneration.
 P - a +2 cloak of willpower (worn)
 R - a +2 pair of boots of flying
Jewellery
 c - a ring of protection from cold
 e - a ring of protection from cold
 v - an amulet of faith (around neck)
 x - an amulet of regeneration
 y - a ring of fire
 z - the ring "Pollaill" (left hand) {Ice rElec rCorr Str+9 Stlth-}
   (You bought it in a shop on level 10 of the Dungeon)

   [ring of ice]

   It enhances your ice magic.
   Str:       It affects your strength (+9).
   rF:        It makes you vulnerable to fire.
   rC:        It protects you from cold.
   rElec:     It insulates you from electricity.
   rCorr:     It protects you from acid and corrosion.
   Stlth:     It makes you less stealthy.
 K - a +4 ring of slaying {mikee}
 S - a +4 ring of protection (right hand)
 Y - a ring of protection from fire
Wands
 C - a wand of digging (18)
Scrolls
 l - a scroll of identify
 r - 9 scrolls of teleportation
 I - 4 scrolls of brand weapon
Potions
 d - 9 potions of might
 f - 8 potions of lignification
 g - 2 potions of cancellation
 j - 7 potions of attraction
 k - 2 potions of magic
 p - 16 potions of curing
 s - 5 potions of enlightenment
 t - 3 potions of haste
 w - 7 potions of mutation
 D - 2 potions of resistance
 F - 8 potions of heal wounds

Dungeon Overview and Level Annotations

Branches:
Dungeon (15/15)            Temple (1/1) D:7            Lair (5/5) D:10
  Swamp (4/4) Lair:2        Snake (4/4) Lair:2        Slime (0/5) Lair:5
    Orc (2/2) D:11            Elf (0/3) Orc:2        Vaults (4/5) D:13
  Crypt (0/3) Vaults:3     Depths (2/4) D:15

Altars:
Ashenzari
Cheibriados
Dithmenos
Elyvilon
Fedhas
Gozag
Hepliaklqana
Kikubaaqudgha
Makhleb
Nemelex Xobeh
Okawaru
Qazlal
Ru
Sif Muna
Trog
Uskayaw
Vehumet
Wu Jian
Xom
Yredelemnul
Zin
The Shining One
Jiyva

Shops:
D:5 =   D:7 :   D:10 :*:*   Orc:2 [(:*   Snake:2 *[   Vaults:1 *   Vaults:3 [
Vaults:4 *[   Depths:1 *

Portals:
Hell: Depths:1 Depths:2
Abyss: Swamp:1 Depths:1 Depths:2
Ziggurat: Depths:2

Annotations:
D:15 2 transporters, qw's ghost, journeyman GrFi
Lair:2 1 runed translucent door
Lair:3 2 transporters
Lair:5 2 runed translucent doors
Swamp:1 2 transporters, qw's ghost, adept GrFi
Swamp:3 2 transporters, esper6's ghost, journeyman GnNe
Depths:1 2 runed translucent doors
Depths:2 exclusions: eye of devastation, great orb of eyes and 2 shining eyes


Message History

You burn the iron troll. You slash the death yak! You burn the death yak.
You slice the spriggan berserker!! You burn the spriggan berserker.
The spriggan berserker hits you with a +0 hand axe.
The death yak gores you. You block the stone giant's attack.
You hit the stone giant. You burn the stone giant.
The stone giant is almost dead.
You hit the fire giant but do no damage.
You slice the spriggan berserker!! You burn the spriggan berserker!
You slash the iron troll! You burn the iron troll. You hit the death yak.
You burn the death yak.
The iron troll bites you but does no damage.
The iron troll barely misses you. You block the iron troll's attack.
The spriggan berserker hits you but does no damage.
You hit the stone giant but do no damage.
The stone giant is almost dead.
You hit the death yak. You burn the death yak. You hit the fire giant.
You slice the spriggan berserker!! You burn the spriggan berserker.
You kill the spriggan berserker!
Okawaru accepts your kill.
You slash the iron troll! You burn the iron troll.
You block the death yak's attack.
You slice the stone giant!! You burn the stone giant.
You kill the stone giant!
Okawaru accepts your kill. Okawaru grants you a weapon!
Something appears at your feet!
You see here a +2 war axe of flaming.
You slice the iron troll!! You burn the iron troll. You slice the death yak!!
You burn the death yak! You barely miss the fire giant.
A deep troll earth mage comes into view.
The fire giant hits you with a +2 great sword of flaming!
The fire giant burns you!
39180 ||| READING 10 scrolls of teleportation.
As you read the scroll of teleportation, it crumbles to dust.
You feel strangely unstable. The death yak completely misses you.
You block the iron troll's attack. x2
The iron troll claws you!
The tengu warrior hits you from afar with a +2 bardiche!
You block the death yak's attack. The rakshasa completely misses you.
You block the deep troll earth mage's attack. x2
The deep troll earth mage claws you!
You die...

.
.~~~.......~...##......
.
.~~.....~~~~.#####...#.
. ~ ~~...#..~~~..#
###### . ~~ ...
#..~...## # . ~~.
#.##.....## # .
~~..#.......## .
~~.....)...#########
~~(...T[............
....uiY@##.....####
.....uCTR#.....#
...!..uZQ##...##
.....#...D##.##
.....###...### ....
#... .... #... ... ..8T


You could see a fire giant, an ice dragon, an iron troll (fast), a death yak
(summoned, berserk), 3 ugly things, a rakshasa, a tengu warrior, a spriggan
berserker (regenerating, strong-willed), 2 deep troll earth magi and a glowing
shapeshifter zombie.

Vanquished Creatures
  A juggernaut (Depths:2)
  Vashnia (Snake:3)
  Saint Roka (Orc:2)
  Nikola (Snake:1)
  Jorgrun (D:14)
  A lich (Depths:1)
  Mlioglotl (Swamp:4)
  Asterion (Vaults:1)
  A quicksilver dragon (Depths:2)
  A sphinx (Vaults:4)
  Kirke (Lair:3)
  Roxanne (Swamp:1)
  Donald (Snake:2)
  A fenstrider witch (Swamp:3)
  4 nagarajas
  3 fire giants
  A deep elf sorcerer (Vaults:1)
  6 frost giants
  8 vault wardens
  20 ironbound preservers
  A juggernaut skeleton (Depths:1)
  A vampire knight (Depths:2)
  13 very ugly things
  8 ironbound thunderhulks
  8 stone giants
  4 war gargoyles
  2 formless jellyfish
  3 eleionomae
  6 dire elephants
  3 spark wasps (Depths:2)
  6 bunyips
  A deep elf annihilator (Vaults:2)
  2 eidola (Vaults:4)
  Snorg (Lair:3)
  6 ettins
  Josephine (Lair:3)
  8 fire dragons
  3 merfolk javelineers (Depths:2)
  2 entropy weavers
  A merfolk impaler (Depths:2)
  4 great orbs of eyes
  6 yaktaur captains
  2 ice dragons
  3 vault guards (Vaults:1)
  2 rakshasas (Depths:2)
  19 hydras
  2 peacekeepers
  3 salamander tyrants (Snake:4)
  2 ghost crabs
  8 centaur warriors
  3 boulder beetles
  8 ironbound frosthearts
  8 alligators
  6 anacondas
  An ogre mage (D:13)
  5 two-headed ogres
  A two-headed ogre (shapeshifter) (Vaults:1)
  12 naga warriors
  4 death yaks (Lair:5)
  4 deep troll earth magi
  7 deep troll shamans
  20 naga sharpshooters
  Urug (Lair:1)
  4 spriggan berserkers (Depths:2)
  An orc high priest (Orc:2)
  4 tengu warriors
  5 hell knights (Depths:2)
  10 shock serpents
  6 spriggans
  A skyshark (shapeshifter) (Vaults:3)
  A fire crab (Swamp:4)
  5 salamander mystics
  7 goliath frogs
  An iron troll (Depths:2)
  A skyshark (Lair:4)
  7 swamp dragons
  67 deep trolls
  3 spriggan druids
  22 sea snakes
  5 naga ritualists
  A swamp dragon (shapeshifter) (Vaults:3)
  5 bog bodies
  15 lindwurms
  3 glowing orange brains (Depths:1)
  A lindwurm (shapeshifter) (Vaults:3)
  8 necromancers
  11 wizards
  9 harpies (Vaults:1)
  A mana viper (shapeshifter) (Vaults:4)
  12 ironbound convokers
  5 orc knights
  A steelbarb worm (shapeshifter) (Depths:1)
  11 mana vipers
  9 cyclopes
  4 deep elf pyromancers
  A wolf spider (shapeshifter) (Vaults:3)
  57 ugly things
  5 manticores
  A frost giant zombie (Depths:1)
  15 salamanders
  3 will-o-the-wisps (Swamp:4)
  6 orc sorcerers
  A tengu skeleton (Depths:2)
  33 black mambas
  A fire giant zombie (Depths:2)
  10 elephants
  10 vault sentinels
  24 naga magi
  2 moths of wrath (Swamp:3)
  A guardian serpent (shapeshifter) (Vaults:3)
  13 guardian serpents
  12 cane toads
  3 molten gargoyles (Lair:5)
  Maggie (Lair:1)
  5 komodo dragons
  An unseen horror (D:9)
  3 centaur skeletons (D:15)
  3 kobold demonologists (D:12)
  A torpor snail (Lair:5)
  6 yaktaurs
  2 unseen horror zombies (D:8)
  An efreet (D:14)
  A spriggan skeleton (Depths:1)
  3 burning bushes (Lair:3)
  2 tengu conjurers (D:15)
  4 bloated husks
  2 tyrant leeches
  3 polar bears
  8 trolls
  6 hornets
  Grinder (D:6)
  6 dream sheep (Lair:4)
  56 slime creatures
  A jumping spider (Vaults:1)
  7 wyverns
  3 wraiths (Lair:3)
  2 vampires
  4 shadows
  8 water elementals (Depths:2)
  43 yaks
  A fire elemental (Swamp:4)
  7 hogs (Lair:3)
  9 basilisks
  A redback (Vaults:2)
  Menkaure (D:6)
  9 vampire mosquitoes
  4 steam dragons
  50 nagas
  A warg (Orc:2)
  An acid dragon (D:11)
  12 swamp worms
  16 water moccasins
  4 hell hounds (Lair:5)
  A glowing shapeshifter zombie (Depths:1)
  30 orc warriors
  8 swamp drakes
  2 black bears
  A hornet zombie (D:8)
  4 ice beasts
  3 sky beasts
  8 ogres
  14 centaurs
  A boggart (shapeshifter) (Vaults:2)
  5 boggarts (Vaults:3)
  12 wolves
  4 phantoms
  4 kobold brigands (D:12)
  15 bullfrogs
  2 gnoll sergeants
  A necrophage (D:4)
  2 scorpions
  4 wyvern zombies (D:8)
  10 wights
  A troll zombie (D:11)
  8 killer bees
  7 electric eels
  A howler monkey (D:8)
  7 lava snakes
  4 centaur zombies
  5 hounds
  18 orc priests
  2 gnoll boudas
  4 iguanas
  Terence (D:2)
  2 sleepcaps
  21 orc wizards
  11 hell rats
  5 ogre zombies (D:11)
  A killer bee zombie (D:8)
  A hound skeleton (D:4)
  A howler monkey zombie (D:8)
  Robin (D:2)
  15 gnolls
  8 adders
  2 shadow imps
  17 white imps
  2 worms
  4 dart slugs
  63 orcs
  10 bats
  8 endoplasms
  2 giant cockroaches
  14 goblins
  9 hobgoblins
  5 jackals
  5 kobolds
  4 quokkas
  9 ball pythons
  2 frilled lizards
  A goblin skeleton (D:11)
  A goblin zombie (D:11)
  A hobgoblin skeleton (D:11)
  2 hobgoblin zombies (D:11)
  2 orc skeletons (D:11)
  12 orc zombies (D:11)
  4 rats
  A spectral weapon (Vaults:1)
1445 creatures vanquished.

Vanquished Creatures (others)
  A lindwurm (Swamp:4)
  A salamander (Snake:4)
  A steam dragon (Swamp:4)
  A swamp worm (Swamp:2)
  3 swamp drakes (Swamp:4)
  An orc priest (Orc:2)
  An orc wizard (Orc:2)
  27 foxfires (Swamp:4)
36 creatures vanquished.

Grand Total: 1481 creatures vanquished

Notes
Turn   | Place    | Note
-------+----------+-------------------------------------------
     0 | D:1      | qw the Gargoyle Fighter began the quest for the Orb.
     0 | D:1      | Reached XP level 1. HP: 14/14 MP: 1/1
     0 | D:1      | 0 ||| qw: Version: 0.3-a-32-g5962c71
     0 | D:1      | 0 ||| qw: Game counter: 7510
     0 | D:1      | 0 ||| qw: Melee chars always use a shield: true
     0 | D:1      | 0 ||| qw: God list: Okawaru
     0 | D:1      | 0 ||| qw: Allow faded altars: false
     0 | D:1      | 0 ||| qw: Do Orc after clearing Dungeon:15 true
     0 | D:1      | 0 ||| qw: Do second Lair branch before Depths: true
     0 | D:1      | 0 ||| qw: Lair rune preference: random
     0 | D:1      | 0 ||| qw: Goals: Normal, Zot:1-4, Slime:5, God:TSO, Crypt,
                  | Tomb, Abyss, Pan, Hells, Win
     0 | D:1      | 0 ||| PLANNING D:1-11
    66 | D:1      | 66 ||| Stepping ~*~*~tactically~*~*~ (stealth).
    67 | D:1      | 67 ||| Stepping ~*~*~tactically~*~*~ (stealth).
   122 | D:1      | 122 ||| Stepping ~*~*~tactically~*~*~ (stealth).
   126 | D:1      | Reached XP level 2. HP: 19/19 MP: 2/2
   351 | D:1      | 351 ||| Stepping ~*~*~tactically~*~*~ (hiding).
   352 | D:1      | 352 ||| Stepping ~*~*~tactically~*~*~ (hiding).
   372 | D:1      | Found a faded altar of an unknown god.
   437 | D:1      | Reached skill level 3 in Axes
   458 | D:1      | Reached XP level 3. HP: 23/23 MP: 3/3
  1163 | D:1      | 1163 ||| UPGRADING to +0 plate armour.
  1173 | D:1      | 1173 ||| DROPPING +0 scale mail.
  1174 | D:1      | 1174 ||| UPGRADING to +0 pair of boots.
  1179 | D:1      | 1179 ||| READING scroll labelled RIGULETO PYNO.
  1180 | D:1      | 1180 ||| READING scroll labelled NEIWNAY LIURO.
  1181 | D:1      | 1181 ||| READING 2 scrolls labelled LERGHO CUEL.
  1182 | D:1      | 1182 ||| READING scroll of enchant armour.
  1182 | D:1      | 1182 ||| ENCHANTING +0 pair of boots.
  1183 | D:1      | 1183 ||| READING 4 scrolls labelled DOD SIFANICU.
  1184 | D:1      | 1184 ||| READING scroll labelled GUGUSH PUTAHUA.
  1185 | D:1      | 1185 ||| READING 3 scrolls of identify.
  1185 | D:1      | 1185 ||| IDENTIFYING fizzy puce potion
  1186 | D:1      | 1186 ||| READING 2 scrolls of identify.
  1186 | D:1      | 1186 ||| IDENTIFYING emerald potion
  1256 | D:2      | Reached skill level 1 in Throwing
  1453 | D:2      | Reached XP level 4. HP: 28/28 MP: 4/4
  1481 | D:2      | Noticed Terence
  1482 | D:2      | 1482 ||| Stepping ~*~*~tactically~*~*~ (stealth).
  1490 | D:2      | Killed Terence
  1493 | D:2      | 1493 ||| DROPPING +0 whip.
  1505 | D:2      | Noticed Robin
  1514 | D:2      | Killed Robin
  1519 | D:2      | 1519 ||| FLEEEEING.
  1520 | D:2      | 1520 ||| FLEEEEING.
  1521 | D:2      | 1521 ||| FLEEEEING.
  1522 | D:2      | 1522 ||| FLEEEEING.
  1523 | D:2      | 1523 ||| FLEEEEING.
  1524 | D:2      | 1524 ||| FLEEEEING.
  1525 | D:2      | 1525 ||| FLEEEEING.
  1526 | D:2      | 1526 ||| FLEEEEING.
  1527 | D:2      | 1527 ||| FLEEEEING.
  1528 | D:2      | 1528 ||| STAIRDANCE
  1562 | D:1      | 1562 ||| UPGRADING to +0 pair of gloves.
  1567 | D:1      | 1567 ||| READING 2 scrolls labelled MIHAHE OLYT RUON.
  1568 | D:1      | 1568 ||| DROPPING scroll of fog.
  1573 | D:2      | Reached XP level 5. HP: 32/32 MP: 5/5
  1777 | D:2      | 1777 ||| UPGRADING to +0 helmet.
  1782 | D:2      | 1782 ||| UPGRADING to ring of protection from fire.
  1783 | D:2      | 1783 ||| READING scroll labelled JUJOISTR XIERPH.
  1783 | D:2      | Identified a scroll of acquirement
  1783 | D:2      | 1783 ||| ACQUIRING +7 kite shield of Yroorysi {*Corrode rC-
                  | Int+8 Slay+6}
  1783 | D:2      | Acquired the +7 kite shield of Yroorysi {*Corrode rC- Int+8
                  | Slay+6}
  1785 | D:2      | 1785 ||| UPGRADING to +7 kite shield of Yroorysi {*Corrode
                  | rC- Int+8 Slay+6}.
  1795 | D:2      | 1795 ||| DROPPING +0 buckler.
  1796 | D:2      | 1796 ||| READING scroll labelled HOMOXODWIU.
  1797 | D:2      | 1797 ||| READING 2 scrolls of identify.
  1797 | D:2      | 1797 ||| IDENTIFYING fizzy emerald potion
  1838 | D:3      | 1838 ||| READING scroll of enchant armour.
  1838 | D:3      | 1838 ||| ENCHANTING +0 pair of gloves.
  1846 | D:3      | Found a shimmering altar of Xom.
  1899 | D:3      | 1899 ||| READING scroll of enchant armour.
  1899 | D:3      | 1899 ||| ENCHANTING +1 pair of gloves.
  2035 | D:3      | 2035 ||| READING scroll of enchant armour.
  2035 | D:3      | 2035 ||| ENCHANTING +0 helmet.
  2257 | D:3      | 2257 ||| Stepping ~*~*~tactically~*~*~ (hiding).
  2261 | D:3      | 2261 ||| Stepping ~*~*~tactically~*~*~ (hiding).
  2352 | D:3      | 2352 ||| Stepping ~*~*~tactically~*~*~ (stealth).
  2481 | D:3      | 2481 ||| UPGRADING to amulet of faith.
  2486 | D:3      | 2486 ||| UPGRADING to ring of protection from cold.
  2487 | D:3      | 2487 ||| READING scroll labelled UPTUBU LEOCVUN.
  2491 | D:3      | 2491 ||| READING 4 scrolls of identify.
  2491 | D:3      | 2491 ||| IDENTIFYING purple potion
  2492 | D:3      | 2492 ||| READING 3 scrolls of identify.
  2492 | D:3      | 2492 ||| IDENTIFYING clear potion
  2493 | D:3      | 2493 ||| READING 2 scrolls of identify.
  2493 | D:3      | 2493 ||| IDENTIFYING fizzy dark potion
  2494 | D:3      | 2494 ||| DROPPING potion of brilliance.
  2700 | D:4      | Found a burning altar of Makhleb.
  2703 | D:4      | Reached skill level 4 in Shields
  2708 | D:4      | Reached skill level 5 in Shields
  2708 | D:4      | Reached XP level 6. HP: 37/37 MP: 6/6
  2828 | D:4      | 2828 ||| Stepping ~*~*~tactically~*~*~ (stealth).
  3168 | D:4      | 3168 ||| READING scroll labelled QIUTOUDIUTS.
  3169 | D:4      | 3169 ||| READING 2 scrolls of identify.
  3169 | D:4      | 3169 ||| IDENTIFYING golden potion
  3170 | D:4      | 3170 ||| DROPPING potion of ambrosia.
  3182 | D:5      | Entered Level 5 of the Dungeon
  3201 | D:5      | Reached XP level 7. HP: 43/43 MP: 7/7
  3204 | D:5      | 3204 ||| Stepping ~*~*~tactically~*~*~ (stealth).
  3206 | D:5      | 3206 ||| Stepping ~*~*~tactically~*~*~ (hiding).
  3211 | D:5      | 3211 ||| Stepping ~*~*~tactically~*~*~ (stealth).
  3213 | D:5      | 3213 ||| Stepping ~*~*~tactically~*~*~ (stealth).
  3246 | D:5      | 3246 ||| Stepping ~*~*~tactically~*~*~ (stealth).
  3247 | D:5      | 3247 ||| Stepping ~*~*~tactically~*~*~ (stealth).
  3248 | D:5      | 3248 ||| Stepping ~*~*~tactically~*~*~ (stealth).
  3269 | D:5      | Found an ornate altar of the Wu Jian Council.
  3432 | D:5      | Found Wynoecy's Jewellery Emporium.
  3440 | D:5      | Reached skill level 6 in Axes
  3455 | D:5      | 3455 ||| SHOPLISTING +5 ring of evasion (504 gold, have
                  | 209).
  3455 | D:5      | 3455 ||| SHOPLISTING amulet of regeneration (420 gold, have
                  | 209).
  3455 | D:5      | 3455 ||| SHOPLISTING ring "Qatiel" {rElec rPois rC++ Will+
                  | Str-3 SInv} (770 gold, have 209).
  3455 | D:5      | 3455 ||| SHOPLISTING ring of Lugonu's Vengeance {Wiz
                  | *Corrode rF+ Will+ Int+7} (821 gold, have 209).
  3455 | D:5      | 3455 ||| SHOPLISTING ring of resist corrosion (280 gold,
                  | have 209).
  3455 | D:5      | 3455 ||| SHOPLISTING ring of willpower (350 gold, have
                  | 209).
  3490 | D:5      | Reached skill level 6 in Shields
  3491 | D:5      | Reached XP level 8. HP: 46/48 MP: 8/8
  3555 | D:5      | 3555 ||| Stepping ~*~*~tactically~*~*~ (hiding).
  3915 | D:5      | 3915 ||| READING 3 scrolls of identify.
  3915 | D:5      | 3915 ||| IDENTIFYING grey potion
  3916 | D:5      | 3916 ||| READING 2 scrolls of identify.
  3916 | D:5      | 3916 ||| IDENTIFYING fuming golden potion
  4060 | D:6      | Found a sparkling altar of Nemelex Xobeh.
  4077 | D:6      | Noticed Grinder
  4087 | D:6      | Killed Grinder
  4175 | D:6      | HP: 11/48 [gnoll/+0 spear[a gnoll sergeant] (5)]
  4176 | D:6      | 4176 ||| READING 2 scrolls of teleportation.
  4176 | D:6      | HP: 5/49 [gnoll sergeant/+0 spear (6)]
  4176 | D:6      | HP: 2/49 [gnoll/+0 spear[a gnoll sergeant] (3)]
  4352 | D:6      | Reached skill level 1 in Dodging
  4379 | D:6      | Noticed Menkaure
  4383 | D:6      | 4383 ||| FLEEEEING.
  4384 | D:6      | 4384 ||| FLEEEEING.
  4385 | D:6      | 4385 ||| STAIRDANCE
  4426 | D:6      | 4426 ||| FLEEEEING.
  4427 | D:6      | 4427 ||| STAIRDANCE
  4468 | D:6      | Killed Menkaure
  4469 | D:6      | Reached skill level 7 in Shields
  4618 | D:6      | 4618 ||| Stepping ~*~*~tactically~*~*~ (hiding).
  4633 | D:6      | Reached XP level 9. HP: 48/54 MP: 9/9
  4650 | D:6      | 4650 ||| Stepping ~*~*~tactically~*~*~ (stealth).
  4910 | D:6      | 4910 ||| Stepping ~*~*~tactically~*~*~ (hiding).
  4911 | D:6      | 4911 ||| Stepping ~*~*~tactically~*~*~ (hiding).
  4912 | D:6      | 4912 ||| Stepping ~*~*~tactically~*~*~ (hiding).
  4913 | D:6      | 4913 ||| Stepping ~*~*~tactically~*~*~ (hiding).
  4914 | D:6      | 4914 ||| Stepping ~*~*~tactically~*~*~ (hiding).
  5187 | D:6      | 5187 ||| READING scroll labelled YCEAHU ZARGHEC.
  5205 | D:7      | 5205 ||| Stepping ~*~*~tactically~*~*~ (hiding).
  5327 | D:7      | 5327 ||| SWAPPING to +2 war axe.
  5328 | D:7      | 5328 ||| DROPPING +0 war axe.
  5398 | D:7      | Found a glowing golden altar of the Shining One.
  5488 | D:7      | Found a staircase to the Ecumenical Temple.
  5489 | D:7      | 5489 ||| PLANNING TEMPLE
  5490 | D:7      | 5490 ||| READING 2 scrolls of identify.
  5490 | D:7      | 5490 ||| IDENTIFYING amethyst potion
  5491 | D:7      | 5491 ||| DROPPING potion of berserk rage.
  5500 | Temple   | Entered the Ecumenical Temple
  5501 | Temple   | 5501 ||| PLANNING OKAWARU WORSHIP
  5704 | Temple   | Became a worshipper of Warmaster Okawaru
  5705 | Temple   | 5705 ||| PLANNING D:1-11
  5761 | D:7      | Reached skill level 6 in Fighting
  5911 | D:7      | Reached skill level 8 in Shields
  6156 | D:7      | Found Digairar's Book Emporium.
  6213 | D:8      | Reached * piety under Okawaru
  6235 | D:8      | 6235 ||| INVOKING Heroism.
  6252 | D:8      | Reached skill level 9 in Axes
  6252 | D:8      | Reached XP level 10. HP: 57/60 MP: 8/10
  6268 | D:8      | 6268 ||| DROPPING +0 flail.
  6334 | D:8      | 6334 ||| Stepping ~*~*~tactically~*~*~ (hiding).
  6335 | D:8      | 6335 ||| Stepping ~*~*~tactically~*~*~ (hiding).
  6339 | D:8      | 6339 ||| Stepping ~*~*~tactically~*~*~ (hiding).
  6340 | D:8      | 6340 ||| Stepping ~*~*~tactically~*~*~ (hiding).
  6350 | D:8      | 6350 ||| Stepping ~*~*~tactically~*~*~ (stealth).
  6356 | D:8      | Reached skill level 1 in Invocations
  6356 | D:8      | 6356 ||| Stepping ~*~*~tactically~*~*~ (stealth).
  6357 | D:8      | 6357 ||| Stepping ~*~*~tactically~*~*~ (stealth).
  6358 | D:8      | 6358 ||| Stepping ~*~*~tactically~*~*~ (stealth).
  6433 | D:8      | 6433 ||| FLEEEEING.
  6605 | D:8      | 6605 ||| Stepping ~*~*~tactically~*~*~ (stealth).
  6608 | D:8      | 6608 ||| Stepping ~*~*~tactically~*~*~ (hiding).
  6780 | D:8      | Reached ** piety under Okawaru
  6781 | D:8      | Reached skill level 6 in Armour
  6781 | D:8      | Reached skill level 3 in Invocations
  6824 | D:8      | Found a shadowy altar of Dithmenos.
  7133 | D:8      | 7133 ||| DROPPING ring of wizardry.
  7134 | D:8      | 7134 ||| READING 3 scrolls labelled UZIVVOUNOMP.
  7135 | D:8      | 7135 ||| DROPPING 2 scrolls of amnesia.
  7162 | D:9      | 7162 ||| INVOKING Heroism.
  7177 | D:9      | Killed an unseen horror
  7213 | D:9      | 7213 ||| DROPPING +1 mace of holy wrath.
  7214 | D:9      | 7214 ||| DROPPING +1 heavy flail.
  7237 | D:9      | 7237 ||| Stepping ~*~*~tactically~*~*~ (hiding).
  7379 | D:9      | 7379 ||| Stepping ~*~*~tactically~*~*~ (hiding).
  7383 | D:9      | 7383 ||| INVOKING Heroism.
  7387 | D:9      | Reached skill level 9 in Shields
  7405 | D:9      | Noticed a manticore
  7409 | D:9      | 7409 ||| INVOKING Heroism.
  7414 | D:9      | Killed a manticore
  7448 | D:9      | 7448 ||| Stepping ~*~*~tactically~*~*~ (hiding).
  7450 | D:9      | 7450 ||| DRINKING 3 potions of curing.
  7450 | D:9      | 7450 ||| (to cure confusion)
  7451 | D:9      | Found an ancient bone altar of Kikubaaqudgha.
  7452 | D:9      | 7452 ||| DRINKING 2 potions of curing.
  7452 | D:9      | 7452 ||| (to cure confusion)
  7453 | D:9      | 7453 ||| INVOKING Heroism.
  7475 | D:9      | Reached *** piety under Okawaru
  7478 | D:9      | 7478 ||| INVOKING Heroism.
  7479 | D:9      | Found a radiant altar of Vehumet.
  7509 | D:9      | 7509 ||| READING scroll of acquirement.
  7509 | D:9      | 7509 ||| ACQUIRING +1 broad axe "Caargh" {flame, Will+
                  | Str+3 SInv}
  7509 | D:9      | Acquired the +1 broad axe "Caargh" {flame, Will+ Str+3
                  | SInv}
  7511 | D:9      | 7511 ||| SWAPPING to +1 broad axe "Caargh" {flame, Will+
                  | Str+3 SInv}.
  7512 | D:9      | 7512 ||| DROPPING +0 morningstar.
  8144 | D:9      | Found a faded altar of an unknown god.
  8144 | D:9      | Found a white marble altar of Elyvilon.
  8155 | D:9      | Found an opulent altar of Gozag.
  8162 | D:9      | Found a blossoming altar of Fedhas.
  8164 | D:9      | Found a faded altar of an unknown god.
  8194 | D:10     | Entered Level 10 of the Dungeon
  8194 | D:10     | Noticed a cyclops
  8195 | D:10     | 8195 ||| INVOKING Heroism.
  8202 | D:10     | Reached XP level 11. HP: 67/67 MP: 11/14
  8210 | D:10     | Killed a cyclops
  8213 | D:10     | Noticed a cyclops
  8214 | D:10     | 8214 ||| Stepping ~*~*~tactically~*~*~ (stealth).
  8218 | D:10     | 8218 ||| INVOKING Heroism.
  8222 | D:10     | Killed a cyclops
  8223 | D:10     | Reached skill level 3 in Throwing
  8252 | D:10     | Noticed a two-headed ogre
  8253 | D:10     | 8253 ||| INVOKING Heroism.
  8257 | D:10     | Killed a two-headed ogre
  8257 | D:10     | Received a gift from Okawaru
  8273 | D:10     | Found Laumott's Assorted Antiques.
  8286 | D:10     | 8286 ||| BUYING brightly glowing silver ring (175 gold).
  8286 | D:10     | Bought a brightly glowing silver ring for 175 gold pieces
  8286 | D:10     | Identified the ring "Pollaill" {Ice rElec rCorr Str+9
                  | Stlth-} (You bought it in a shop on level 10 of the
                  | Dungeon)
  8286 | D:10     | 8286 ||| BUYING pair of embroidered gloves (262 gold).
  8286 | D:10     | Bought a pair of embroidered gloves for 262 gold pieces
  8286 | D:10     | 8286 ||| SHOPLISTING scroll of identify (70 gold, have 51).
  8286 | D:10     | 8286 ||| BUYING yellow potion (31 gold).
  8286 | D:10     | Bought a yellow potion for 31 gold pieces
  8337 | D:10     | Noticed a walking frostbound tome
  8347 | D:10     | Found Honulan's Book Boutique.
  8349 | D:10     | Noticed a walking earthen tome
  8362 | D:10     | Found Zaelipp's Assorted Antiques.
  8367 | D:10     | 8367 ||| SHOPLISTING gilded ring (125 gold, have 20).
  8367 | D:10     | 8367 ||| SHOPLISTING scroll of identify (50 gold, have 20).
  8377 | D:10     | Found a staircase to the Lair.
  8387 | D:10     | 8387 ||| Stepping ~*~*~tactically~*~*~ (stealth).
  8389 | D:10     | 8389 ||| Stepping ~*~*~tactically~*~*~ (stealth).
  8391 | D:10     | 8391 ||| Stepping ~*~*~tactically~*~*~ (stealth).
  8402 | D:10     | Received a gift from Okawaru
  8406 | D:10     | Reached **** piety under Okawaru
  8411 | D:10     | 8411 ||| INVOKING Heroism.
  8537 | D:10     | Found Wayr's Book Shop.
  8839 | D:10     | 8839 ||| PLANNING LAIR
  8839 | D:10     | 8839 ||| UPGRADING to +2 pair of gloves of strength.
  8849 | D:10     | 8849 ||| DROPPING +2 pair of gloves.
  8850 | D:10     | 8850 ||| UPGRADING to ring "Pollaill" {Ice rElec rCorr
                  | Str+9 Stlth-}.
  8852 | D:10     | 8852 ||| UPGRADING to ring of protection from fire.
  8854 | D:10     | 8854 ||| READING scroll labelled NEAPRO UDDUKKA.
  8922 | Lair:1   | Entered Level 1 of the Lair of Beasts
  8924 | Lair:1   | 8924 ||| FLEEEEING.
  8925 | Lair:1   | 8925 ||| STAIRDANCE
  9029 | Lair:1   | 9029 ||| INVOKING Heroism.
  9064 | Lair:1   | 9064 ||| INVOKING Heroism.
  9094 | Lair:1   | Noticed Maggie
  9097 | Lair:1   | Noticed Urug
  9098 | Lair:1   | 9098 ||| INVOKING Heroism.
  9104 | Lair:1   | Killed Maggie
  9109 | Lair:1   | Killed Urug
  9122 | Lair:1   | 9122 ||| DROPPING +2 war axe.
  9149 | Lair:1   | 9149 ||| Stepping ~*~*~tactically~*~*~ (stealth).
  9151 | Lair:1   | 9151 ||| Stepping ~*~*~tactically~*~*~ (stealth).
  9153 | Lair:1   | 9153 ||| Stepping ~*~*~tactically~*~*~ (hiding).
  9154 | Lair:1   | 9154 ||| Stepping ~*~*~tactically~*~*~ (hiding).
  9155 | Lair:1   | 9155 ||| Stepping ~*~*~tactically~*~*~ (hiding).
  9156 | Lair:1   | 9156 ||| Stepping ~*~*~tactically~*~*~ (hiding).
  9165 | Lair:1   | Reached skill level 10 in Shields
  9195 | Lair:1   | Reached skill level 6 in Invocations
  9327 | Lair:1   | Reached XP level 12. HP: 75/75 MP: 16/16
  9409 | Lair:1   | 9409 ||| Stepping ~*~*~tactically~*~*~ (stealth).
  9422 | Lair:1   | 9422 ||| READING scroll of enchant armour.
  9422 | Lair:1   | 9422 ||| ENCHANTING +1 helmet.
  9546 | Lair:1   | 9546 ||| INVOKING Heroism.
  9799 | Lair:1   | 9799 ||| READING 2 scrolls of identify.
  9799 | Lair:1   | 9799 ||| IDENTIFYING coppery potion
  9840 | Lair:2   | Reached skill level 9 in Fighting
  9907 | Lair:2   | 9907 ||| Stepping ~*~*~tactically~*~*~ (stealth).
  9908 | Lair:2   | 9908 ||| Stepping ~*~*~tactically~*~*~ (stealth).
  9911 | Lair:2   | 9911 ||| Stepping ~*~*~tactically~*~*~ (stealth).
  9913 | Lair:2   | 9913 ||| Stepping ~*~*~tactically~*~*~ (stealth).
  9916 | Lair:2   | 9916 ||| INVOKING Heroism.
 10124 | Lair:2   | Found a runed translucent door.
 10180 | Lair:2   | Received a gift from Okawaru
 10237 | Lair:2   | Found a shimmering blue altar of Sif Muna.
 10250 | Lair:2   | Found a staircase to the Swamp.
 10325 | Lair:2   | Noticed an eight-headed hydra
 10326 | Lair:2   | 10326 ||| INVOKING Heroism.
 10327 | Lair:2   | 10327 ||| Stepping ~*~*~tactically~*~*~ (stealth).
 10330 | Lair:2   | 10330 ||| Stepping ~*~*~tactically~*~*~ (stealth).
 10334 | Lair:2   | Killed a four-headed hydra
 10369 | Lair:2   | Found a staircase to the Snake Pit.
 10373 | Lair:2   | Reached ***** piety under Okawaru
 10738 | Lair:2   | 10738 ||| READING scroll labelled SUSULUTAC.
 10739 | Lair:2   | 10739 ||| DRINKING 2 fuming dark potions.
 10740 | Lair:2   | 10740 ||| READING 3 scrolls of identify.
 10740 | Lair:2   | 10740 ||| IDENTIFYING sapphire potion
 10741 | Lair:2   | 10741 ||| READING 2 scrolls of identify.
 10741 | Lair:2   | 10741 ||| IDENTIFYING green potion
 10742 | Lair:2   | 10742 ||| DROPPING potion of degeneration.
 10743 | Lair:2   | 10743 ||| DROPPING potion of invisibility.
 10780 | Lair:3   | 10780 ||| Stepping ~*~*~tactically~*~*~ (stealth).
 10781 | Lair:3   | 10781 ||| Stepping ~*~*~tactically~*~*~ (stealth).
 10876 | Lair:3   | Noticed Kirke
 10877 | Lair:3   | 10877 ||| INVOKING Heroism.
 10878 | Lair:3   | 10878 ||| INVOKING Finesse.
 10898 | Lair:3   | Killed Kirke
 10899 | Lair:3   | Reached skill level 9 in Invocations
 10900 | Lair:3   | Identified the +1 pair of boots of the Thunderstorm {*Slow
                  | rC- Str+10} (Okawaru gifted it to you on level 3 of the
                  | Lair of Beasts)
 10900 | Lair:3   | Received a gift from Okawaru
 10924 | Lair:3   | Reached skill level 12 in Axes
 10941 | Lair:3   | Reached XP level 13. HP: 62/80 MP: 16/20
 10945 | Lair:3   | Reached skill level 9 in Armour
 10945 | Lair:3   | 10945 ||| FLEEEEING.
 10946 | Lair:3   | 10946 ||| FLEEEEING.
 10947 | Lair:3   | 10947 ||| FLEEEEING.
 10957 | Lair:3   | 10957 ||| STAIRDANCE
 11007 | Lair:3   | 11007 ||| FLEEEEING.
 11008 | Lair:3   | 11008 ||| FLEEEEING.
 11009 | Lair:3   | 11009 ||| FLEEEEING.
 11019 | Lair:3   | 11019 ||| STAIRDANCE
 11055 | Lair:3   | 11055 ||| FLEEEEING.
 11162 | Lair:3   | Noticed Josephine
 11164 | Lair:3   | Found an ancient bone altar of Kikubaaqudgha.
 11172 | Lair:3   | Killed Josephine
 11173 | Lair:3   | Reached skill level 11 in Shields
 11253 | Lair:3   | Noticed Snorg
 11254 | Lair:3   | 11254 ||| INVOKING Heroism.
 11255 | Lair:3   | 11255 ||| INVOKING Finesse.
 11260 | Lair:3   | Killed Snorg
 11348 | Lair:3   | Found a transporter.
 11374 | Lair:3   | Found a transporter.
 11508 | Lair:3   | 11508 ||| UPGRADING to +1 pair of boots of the Thunderstorm
                  | {*Slow rC- Str+10}.
 11518 | Lair:3   | 11518 ||| READING scroll labelled NESIHUC MYJERECH.
 11619 | Lair:3   | 11619 ||| READING 2 scrolls of identify.
 11619 | Lair:3   | 11619 ||| IDENTIFYING lumpy purple potion
 11620 | Lair:3   | 11620 ||| DRINKING potion of experience.
 11620 | Lair:3   | Reached skill level 12 in Fighting
 11620 | Lair:3   | Gained mutation: Your large and strong wings let you fly.
                  | [Gargoyle growth]
 11620 | Lair:3   | Reached XP level 14. HP: 92/92 MP: 21/21
 11750 | Lair:4   | 11750 ||| Stepping ~*~*~tactically~*~*~ (stealth).
 11803 | Lair:4   | 11803 ||| INVOKING Heroism.
 11954 | Lair:4   | 11954 ||| Stepping ~*~*~tactically~*~*~ (stealth).
 11977 | Lair:4   | 11977 ||| Stepping ~*~*~tactically~*~*~ (stealth).
 12061 | Lair:4   | Received a gift from Okawaru
 12645 | Lair:4   | 12645 ||| READING scroll labelled MILOLA KEDEKEO.
 12650 | Lair:5   | Entered Level 5 of the Lair of Beasts
 12740 | Lair:5   | 12740 ||| FLEEEEING.
 12741 | Lair:5   | 12741 ||| FLEEEEING.
 12742 | Lair:5   | 12742 ||| FLEEEEING.
 12743 | Lair:5   | 12743 ||| FLEEEEING.
 12744 | Lair:5   | 12744 ||| FLEEEEING.
 12745 | Lair:5   | 12745 ||| FLEEEEING.
 12746 | Lair:5   | 12746 ||| FLEEEEING.
 12747 | Lair:5   | 12747 ||| FLEEEEING.
 12748 | Lair:5   | 12748 ||| FLEEEEING.
 12749 | Lair:5   | 12749 ||| Stepping ~*~*~tactically~*~*~ (hiding).
 12759 | Lair:5   | 12759 ||| INVOKING Heroism.
 12772 | Lair:5   | 12772 ||| Stepping ~*~*~tactically~*~*~ (hiding).
 12826 | Lair:5   | 12826 ||| Stepping ~*~*~tactically~*~*~ (stealth).
 12828 | Lair:5   | 12828 ||| Stepping ~*~*~tactically~*~*~ (hiding).
 12837 | Lair:5   | 12837 ||| Stepping ~*~*~tactically~*~*~ (cloud).
 12897 | Lair:5   | Found a staircase to the Slime Pits.
 12897 | Lair:5   | Found a viscous altar of Jiyva.
 12993 | Lair:5   | 12993 ||| Stepping ~*~*~tactically~*~*~ (stealth).
 12996 | Lair:5   | 12996 ||| INVOKING Heroism.
 12999 | Lair:5   | 12999 ||| INVOKING Finesse.
 13015 | Lair:5   | 13015 ||| Stepping ~*~*~tactically~*~*~ (stealth).
 13025 | Lair:5   | Received a gift from Okawaru
 13050 | Lair:5   | Reached skill level 3 in Dodging
 13502 | Lair:5   | Found a large runed translucent door.
 13505 | Lair:5   | 13505 ||| Stepping ~*~*~tactically~*~*~ (hiding).
 13506 | Lair:5   | 13506 ||| Stepping ~*~*~tactically~*~*~ (hiding).
 13544 | Lair:5   | 13544 ||| FLEEEEING.
 13622 | Lair:5   | Found a large runed translucent door.
 13623 | Lair:5   | 13623 ||| Stepping ~*~*~tactically~*~*~ (stealth).
 13851 | Lair:5   | 13851 ||| Stepping ~*~*~tactically~*~*~ (stealth).
 13951 | Lair:5   | 13951 ||| PLANNING D:1-11
 13951 | Lair:5   | 13951 ||| DROPPING +1 pair of boots.
 13952 | Lair:5   | 13952 ||| DROPPING +0 helmet of intelligence.
 13953 | Lair:5   | 13953 ||| READING scroll labelled BOWNALOASUU.
 13954 | Lair:5   | 13954 ||| DROPPING scroll of blinking.
 14129 | D:11     | 14129 ||| Stepping ~*~*~tactically~*~*~ (stealth).
 14132 | D:11     | 14132 ||| Stepping ~*~*~tactically~*~*~ (stealth).
 14266 | D:11     | 14266 ||| Stepping ~*~*~tactically~*~*~ (hiding).
 14277 | D:11     | Found a staircase to the Orcish Mines.
 14390 | D:11     | 14390 ||| Stepping ~*~*~tactically~*~*~ (hiding).
 14398 | D:11     | Reached XP level 15. HP: 96/96 MP: 22/22
 14398 | D:11     | 14398 ||| Stepping ~*~*~tactically~*~*~ (stealth).
 14410 | D:11     | Reached skill level 12 in Shields
 14427 | D:11     | 14427 ||| Stepping ~*~*~tactically~*~*~ (stealth).
 14438 | D:11     | 14438 ||| Stepping ~*~*~tactically~*~*~ (stealth).
 14471 | D:11     | 14471 ||| Stepping ~*~*~tactically~*~*~ (stealth).
 14472 | D:11     | 14472 ||| Stepping ~*~*~tactically~*~*~ (stealth).
 14667 | D:11     | 14667 ||| Stepping ~*~*~tactically~*~*~ (hiding).
 14769 | D:11     | 14769 ||| PLANNING D
 14811 | D:12     | 14811 ||| Stepping ~*~*~tactically~*~*~ (hiding).
 14885 | D:12     | 14885 ||| Stepping ~*~*~tactically~*~*~ (hiding).
 14886 | D:12     | 14886 ||| Stepping ~*~*~tactically~*~*~ (hiding).
 14898 | D:12     | 14898 ||| Stepping ~*~*~tactically~*~*~ (stealth).
 14907 | D:12     | 14907 ||| INVOKING Heroism.
 14912 | D:12     | 14912 ||| Stepping ~*~*~tactically~*~*~ (hiding).
 14916 | D:12     | Received a gift from Okawaru
 14966 | D:12     | 14966 ||| Stepping ~*~*~tactically~*~*~ (stealth).
 14967 | D:12     | 14967 ||| Stepping ~*~*~tactically~*~*~ (stealth).
 15041 | D:12     | 15041 ||| Stepping ~*~*~tactically~*~*~ (hiding).
 15161 | D:12     | Found a snail-covered altar of Cheibriados.
 15274 | D:12     | Found a frozen archway.
 15547 | D:12     | 15547 ||| UPGRADING to +0 cloak.
 15797 | D:13     | Reached skill level 15 in Axes
 15797 | D:13     | 15797 ||| INVOKING Heroism.
 15800 | D:13     | 15800 ||| Stepping ~*~*~tactically~*~*~ (hiding).
 15877 | D:13     | Found a gate to the Vaults.
 16293 | D:13     | Found a hazy altar of Hepliaklqana.
 16295 | D:13     | 16295 ||| Stepping ~*~*~tactically~*~*~ (hiding).
 16300 | D:13     | Received a gift from Okawaru
 16673 | D:13     | 16673 ||| INVOKING Heroism.
 16674 | D:13     | 16674 ||| READING 4 scrolls of teleportation.
 16768 | D:13     | 16768 ||| READING 3 scrolls of teleportation.
 16769 | D:13     | 16769 ||| INVOKING Heroism.
 16905 | D:14     | Noticed Jorgrun
 16906 | D:14     | 16906 ||| Stepping ~*~*~tactically~*~*~ (hiding).
 16911 | D:14     | 16911 ||| INVOKING Heroism.
 16912 | D:14     | 16912 ||| INVOKING Finesse.
 16917 | D:14     | Killed Jorgrun
 16960 | D:14     | 16960 ||| READING scroll of enchant armour.
 16960 | D:14     | 16960 ||| ENCHANTING +0 cloak.
 17032 | D:14     | 17032 ||| INVOKING Heroism.
 17130 | D:14     | 17130 ||| Stepping ~*~*~tactically~*~*~ (hiding).
 17134 | D:14     | 17134 ||| Stepping ~*~*~tactically~*~*~ (hiding).
 17136 | D:14     | 17136 ||| Stepping ~*~*~tactically~*~*~ (hiding).
 17137 | D:14     | 17137 ||| Stepping ~*~*~tactically~*~*~ (hiding).
 17206 | D:14     | 17206 ||| Stepping ~*~*~tactically~*~*~ (hiding).
 17331 | D:14     | Found a shadowy altar of Dithmenos.
 17521 | D:14     | 17521 ||| DROPPING amulet of guardian spirit.
 17550 | D:14     | 17550 ||| INVOKING Heroism.
 17634 | D:15     | Entered Level 15 of the Dungeon
 17670 | D:15     | 17670 ||| INVOKING Heroism.
 17679 | D:15     | Received a gift from Okawaru
 17684 | D:15     | 17684 ||| Stepping ~*~*~tactically~*~*~ (stealth).
 17733 | D:15     | Found a staircase to the Depths.
 17795 | D:15     | Found a transporter.
 17795 | D:15     | Noticed qw's ghost (journeyman GrFi)
 17800 | D:15     | Noticed a frost giant
 17927 | D:15     | Found a transporter.
 17931 | D:15     | 17931 ||| READING scroll of enchant armour.
 17931 | D:15     | 17931 ||| ENCHANTING +1 cloak.
 17947 | D:15     | Received a gift from Okawaru
 17963 | D:15     | 17963 ||| INVOKING Heroism.
 17965 | D:15     | Reached skill level 6 in Throwing
 17965 | D:15     | Reached XP level 16. HP: 69/101 MP: 20/23
 18159 | D:15     | 18159 ||| Stepping ~*~*~tactically~*~*~ (stealth).
 18164 | D:15     | Identified the +4 hand axe "Qos Toy" {flame, *Slow +Blink
                  | rPois Dex+3} (Okawaru gifted it to you on level 15 of the
                  | Dungeon)
 18164 | D:15     | Received a gift from Okawaru
 18167 | D:15     | 18167 ||| Stepping ~*~*~tactically~*~*~ (hiding).
 18168 | D:15     | 18168 ||| Stepping ~*~*~tactically~*~*~ (hiding).
 18177 | D:15     | Reached skill level 13 in Shields
 18538 | D:15     | 18538 ||| PLANNING ORC
 18622 | Orc:1    | Entered Level 1 of the Orcish Mines
 18651 | Orc:1    | 18651 ||| Stepping ~*~*~tactically~*~*~ (hiding).
 18654 | Orc:1    | 18654 ||| Stepping ~*~*~tactically~*~*~ (hiding).
 18665 | Orc:1    | 18665 ||| Stepping ~*~*~tactically~*~*~ (stealth).
 18699 | Orc:1    | 18699 ||| Stepping ~*~*~tactically~*~*~ (hiding).
 18702 | Orc:1    | 18702 ||| Stepping ~*~*~tactically~*~*~ (hiding).
 18703 | Orc:1    | 18703 ||| Stepping ~*~*~tactically~*~*~ (hiding).
 18704 | Orc:1    | 18704 ||| Stepping ~*~*~tactically~*~*~ (hiding).
 18712 | Orc:1    | 18712 ||| Stepping ~*~*~tactically~*~*~ (stealth).
 19253 | Orc:1    | 19253 ||| UPGRADING to +3 plate armour.
 19263 | Orc:1    | 19263 ||| DROPPING +0 plate armour.
 19332 | Orc:2    | Entered Level 2 of the Orcish Mines
 19332 | Orc:2    | Found a staircase to the Elven Halls.
 19366 | Orc:2    | 19366 ||| INVOKING Heroism.
 19370 | Orc:2    | Reached skill level 12 in Armour
 19380 | Orc:2    | 19380 ||| Stepping ~*~*~tactically~*~*~ (hiding).
 19396 | Orc:2    | Noticed Saint Roka
 19397 | Orc:2    | 19397 ||| INVOKING Finesse.
 19411 | Orc:2    | HP: 23/101 [Saint Roka/divine providence (14)]
 19412 | Orc:2    | 19412 ||| READING 3 scrolls of teleportation.
 19412 | Orc:2    | HP: 11/101 [orc sorcerer/bolt of fire[Saint Roka] (13)]
 19413 | Orc:2    | 19413 ||| DRINKING 5 potions of heal wounds.
 19414 | Orc:2    | 19414 ||| DRINKING 4 potions of heal wounds.
 19415 | Orc:2    | 19415 ||| INVOKING Heroism.
 19691 | Orc:2    | 19691 ||| Stepping ~*~*~tactically~*~*~ (stealth).
 19692 | Orc:2    | 19692 ||| Stepping ~*~*~tactically~*~*~ (stealth).
 19706 | Orc:2    | 19706 ||| INVOKING Heroism.
 19725 | Orc:2    | 19725 ||| Stepping ~*~*~tactically~*~*~ (hiding).
 19727 | Orc:2    | 19727 ||| INVOKING Finesse.
 19731 | Orc:2    | 19731 ||| Stepping ~*~*~tactically~*~*~ (hiding).
 19740 | Orc:2    | Killed Saint Roka
 19773 | Orc:2    | 19773 ||| Stepping ~*~*~tactically~*~*~ (hiding).
 19987 | Orc:2    | Found Vumesch's Antique Armour Emporium.
 19994 | Orc:2    | 19994 ||| BUYING embroidered scarf (248 gold).
 19994 | Orc:2    | Bought an embroidered scarf for 248 gold pieces
 19994 | Orc:2    | 19994 ||| BUYING glowing cloak (232 gold).
 19994 | Orc:2    | Bought a glowing cloak for 232 gold pieces
 19994 | Orc:2    | 19994 ||| BUYING pair of glowing gloves (232 gold).
 19994 | Orc:2    | Bought a pair of glowing gloves for 232 gold pieces
 19994 | Orc:2    | 19994 ||| BUYING spiked plate armour (868 gold).
 19994 | Orc:2    | Bought a spiked plate armour for 868 gold pieces
 19994 | Orc:2    | Identified the +4 plate armour of the Eight Moons {Harm}
                  | (You bought it in a shop on level 2 of the Orcish Mines)
 20264 | Orc:2    | 20264 ||| UPGRADING to scarf of resistance.
 20274 | Orc:2    | 20274 ||| DROPPING +2 cloak.
 20275 | Orc:2    | 20275 ||| DROPPING +1 pair of gloves of infusion.
 20288 | Orc:1    | 20288 ||| Stepping ~*~*~tactically~*~*~ (hiding).
 20290 | Orc:1    | 20290 ||| Stepping ~*~*~tactically~*~*~ (hiding).
 20401 | Orc:1    | 20401 ||| Stepping ~*~*~tactically~*~*~ (stealth).
 20487 | Orc:1    | 20487 ||| INVOKING Heroism.
 20489 | Orc:1    | 20489 ||| Stepping ~*~*~tactically~*~*~ (hiding).
 20647 | Orc:2    | Found Tomaungo's Book Emporium.
 20662 | Orc:2    | Found Aqomyps's General Store.
 20669 | Orc:2    | 20669 ||| BUYING 3 scrolls of teleportation (117 gold).
 20669 | Orc:2    | Bought 3 scrolls of teleportation for 117 gold pieces
 20669 | Orc:2    | 20669 ||| BUYING potion of heal wounds (65 gold).
 20669 | Orc:2    | Bought a potion of heal wounds for 65 gold pieces
 20669 | Orc:2    | 20669 ||| SHOPLISTING ring "Wezxeuru" {EV+5 Stlth+} (595
                  | gold, have 355).
 20678 | Orc:2    | Found Kuecyad's Antique Weapon Emporium.
 20685 | Orc:2    | 20685 ||| PLANNING SNAKE:1-3
 20872 | Snake:1  | Entered Level 1 of the Snake Pit
 20906 | Snake:1  | 20906 ||| INVOKING Heroism.
 20918 | Snake:1  | Received a gift from Okawaru
 20927 | Snake:1  | 20927 ||| Stepping ~*~*~tactically~*~*~ (hiding).
 20929 | Snake:1  | 20929 ||| Stepping ~*~*~tactically~*~*~ (hiding).
 20934 | Snake:1  | 20934 ||| Stepping ~*~*~tactically~*~*~ (hiding).
 21068 | Snake:1  | 21068 ||| Stepping ~*~*~tactically~*~*~ (hiding).
 21084 | Snake:1  | 21084 ||| Stepping ~*~*~tactically~*~*~ (hiding).
 21206 | Snake:1  | 21206 ||| INVOKING Heroism.
 21317 | Snake:1  | 21317 ||| Stepping ~*~*~tactically~*~*~ (hiding).
 21322 | Snake:1  | 21322 ||| INVOKING Heroism.
 21336 | Snake:1  | Received a gift from Okawaru
 21471 | Snake:1  | Identified the +0 helmet of the Good {Fly Regen+ Int+3}
                  | (Okawaru gifted it to you on level 1 of the Snake Pit)
 21471 | Snake:1  | Received a gift from Okawaru
 21513 | Snake:1  | 21513 ||| Stepping ~*~*~tactically~*~*~ (stealth).
 21515 | Snake:1  | 21515 ||| Stepping ~*~*~tactically~*~*~ (hiding).
 21523 | Snake:1  | 21523 ||| Stepping ~*~*~tactically~*~*~ (hiding).
 21855 | Snake:1  | 21855 ||| Stepping ~*~*~tactically~*~*~ (hiding).
 22000 | Snake:1  | Noticed Nikola
 22001 | Snake:1  | 22001 ||| INVOKING Heroism.
 22002 | Snake:1  | 22002 ||| INVOKING Finesse.
 22009 | Snake:1  | Killed Nikola
 22211 | Snake:1  | 22211 ||| Stepping ~*~*~tactically~*~*~ (hiding).
 22213 | Snake:1  | 22213 ||| Stepping ~*~*~tactically~*~*~ (hiding).
 22214 | Snake:1  | 22214 ||| Stepping ~*~*~tactically~*~*~ (hiding).
 22338 | Snake:1  | 22338 ||| INVOKING Heroism.
 22691 | Snake:1  | 22691 ||| UPGRADING to +0 helmet of the Good {Fly Regen+
                  | Int+3}.
 22701 | Snake:1  | 22701 ||| DROPPING +2 helmet.
 22804 | Snake:2  | 22804 ||| Stepping ~*~*~tactically~*~*~ (hiding).
 22830 | Snake:2  | Noticed Donald
 22831 | Snake:2  | 22831 ||| Stepping ~*~*~tactically~*~*~ (stealth).
 22833 | Snake:2  | 22833 ||| INVOKING Heroism.
 22834 | Snake:2  | 22834 ||| INVOKING Finesse.
 22840 | Snake:2  | Killed Donald
 22948 | Snake:2  | 22948 ||| Stepping ~*~*~tactically~*~*~ (stealth).
 22955 | Snake:2  | Reached XP level 17. HP: 103/108 MP: 24/24
 22997 | Snake:2  | Found Buocisme's Armour Boutique.
 22997 | Snake:2  | Found Qofierew's Assorted Antiques.
 23005 | Snake:2  | 23005 ||| BUYING +2 pair of boots of flying (258 gold).
 23005 | Snake:2  | Bought a +2 pair of boots of flying for 258 gold pieces
 23011 | Snake:2  | 23011 ||| BUYING potion of heal wounds (150 gold).
 23011 | Snake:2  | Bought a potion of heal wounds for 150 gold pieces
 23011 | Snake:2  | 23011 ||| SHOPLISTING scroll of teleportation (90 gold,
                  | have 43).
 23101 | Snake:2  | 23101 ||| Stepping ~*~*~tactically~*~*~ (hiding).
 23102 | Snake:2  | 23102 ||| Stepping ~*~*~tactically~*~*~ (hiding).
 23378 | Snake:2  | Reached skill level 18 in Axes
 23678 | Snake:2  | 23678 ||| Stepping ~*~*~tactically~*~*~ (hiding).
 23685 | Snake:2  | Received a gift from Okawaru
 23787 | Snake:2  | 23787 ||| UPGRADING to +2 plate armour of cold resistance.
 23797 | Snake:2  | 23797 ||| DROPPING +1 pair of boots.
 23847 | Snake:3  | 23847 ||| Stepping ~*~*~tactically~*~*~ (hiding).
 23899 | Snake:3  | 23899 ||| Stepping ~*~*~tactically~*~*~ (stealth).
 23905 | Snake:3  | Identified the scarf of Absence {harm, Rampage Int+8 Dex-2}
                  | (Okawaru gifted it to you on level 3 of the Snake Pit)
 23905 | Snake:3  | Received a gift from Okawaru
 23912 | Snake:3  | 23912 ||| Stepping ~*~*~tactically~*~*~ (hiding).
 23915 | Snake:3  | 23915 ||| INVOKING Heroism.
 23921 | Snake:3  | 23921 ||| Stepping ~*~*~tactically~*~*~ (hiding).
 23948 | Snake:3  | 23948 ||| Stepping ~*~*~tactically~*~*~ (hiding).
 23954 | Snake:3  | 23954 ||| Stepping ~*~*~tactically~*~*~ (hiding).
 23964 | Snake:3  | 23964 ||| Stepping ~*~*~tactically~*~*~ (hiding).
 24069 | Snake:3  | 24069 ||| READING scroll of enchant armour.
 24069 | Snake:3  | 24069 ||| ENCHANTING +2 plate armour of cold resistance.
 24160 | Snake:3  | 24160 ||| INVOKING Heroism.
 24167 | Snake:3  | Reached skill level 14 in Shields
 24278 | Snake:3  | 24278 ||| Stepping ~*~*~tactically~*~*~ (hiding).
 24296 | Snake:3  | 24296 ||| INVOKING Heroism.
 24297 | Snake:3  | Noticed Vashnia
 24300 | Snake:3  | 24300 ||| Stepping ~*~*~tactically~*~*~ (hiding).
 24336 | Snake:3  | Killed Vashnia
 24542 | Snake:3  | 24542 ||| Stepping ~*~*~tactically~*~*~ (hiding).
 24551 | Snake:3  | 24551 ||| Stepping ~*~*~tactically~*~*~ (hiding).
 24622 | Snake:3  | 24622 ||| Stepping ~*~*~tactically~*~*~ (hiding).
 24633 | Snake:3  | 24633 ||| Stepping ~*~*~tactically~*~*~ (hiding).
 24674 | Snake:3  | 24674 ||| Stepping ~*~*~tactically~*~*~ (hiding).
 24677 | Snake:3  | 24677 ||| INVOKING Heroism.
 24792 | Snake:3  | Received a gift from Okawaru
 24931 | Snake:3  | 24931 ||| PLANNING SWAMP:1-3
 24931 | Snake:3  | 24931 ||| DROPPING +3 plate armour.
 24932 | Snake:3  | 24932 ||| DROPPING scarf of Absence {harm, Rampage Int+8
                  | Dex-2}.
 24933 | Snake:3  | 24933 ||| DROPPING ring of positive energy.
 24934 | Snake:3  | 24934 ||| UPGRADING to +4 ring of protection.
 25023 | Swamp:1  | Entered Level 1 of the Swamp
 25052 | Swamp:1  | 25052 ||| Stepping ~*~*~tactically~*~*~ (hiding).
 25055 | Swamp:1  | 25055 ||| INVOKING Heroism.
 25161 | Swamp:1  | Found a transporter.
 25175 | Swamp:1  | Found a transporter.
 25199 | Swamp:1  | 25199 ||| Stepping ~*~*~tactically~*~*~ (stealth).
 25200 | Swamp:1  | 25200 ||| Stepping ~*~*~tactically~*~*~ (stealth).
 25279 | Swamp:1  | Identified Roxanne's Elucidation of Changes
 25279 | Swamp:1  | Noticed Roxanne
 25280 | Swamp:1  | 25280 ||| INVOKING Heroism.
 25281 | Swamp:1  | 25281 ||| INVOKING Finesse.
 25290 | Swamp:1  | Killed Roxanne
 25290 | Swamp:1  | Received a gift from Okawaru
 25366 | Swamp:1  | Found a one-way gate to the infinite horrors of the Abyss.
 25366 | Swamp:1  | Noticed qw's ghost (adept GrFi)
 25384 | Swamp:1  | Noticed a tentacled starspawn
 25600 | Swamp:2  | 25600 ||| INVOKING Heroism.
 25615 | Swamp:2  | 25615 ||| STAIRDANCE
 25687 | Swamp:2  | 25687 ||| STAIRDANCE
 25716 | Swamp:2  | 25716 ||| INVOKING Heroism.
 25869 | Swamp:2  | 25869 ||| Stepping ~*~*~tactically~*~*~ (hiding).
 25870 | Swamp:2  | 25870 ||| INVOKING Heroism.
 25912 | Swamp:2  | 25912 ||| Stepping ~*~*~tactically~*~*~ (cloud).
 25916 | Swamp:2  | 25916 ||| STAIRDANCE
 26010 | Swamp:2  | 26010 ||| INVOKING Heroism.
 26031 | Swamp:2  | 26031 ||| Stepping ~*~*~tactically~*~*~ (hiding).
 26040 | Swamp:2  | Reached skill level 15 in Fighting
 26185 | Swamp:2  | 26185 ||| INVOKING Heroism.
 26190 | Swamp:2  | Received a gift from Okawaru
 26191 | Swamp:2  | Reached XP level 18. HP: 119/119 MP: 23/25
 26210 | Swamp:2  | 26210 ||| Stepping ~*~*~tactically~*~*~ (hiding).
 26218 | Swamp:2  | 26218 ||| Stepping ~*~*~tactically~*~*~ (hiding).
 26219 | Swamp:2  | 26219 ||| Stepping ~*~*~tactically~*~*~ (hiding).
 26220 | Swamp:2  | 26220 ||| Stepping ~*~*~tactically~*~*~ (hiding).
 26221 | Swamp:2  | 26221 ||| Stepping ~*~*~tactically~*~*~ (hiding).
 26401 | Swamp:2  | 26401 ||| Stepping ~*~*~tactically~*~*~ (hiding).
 26739 | Swamp:3  | 26739 ||| INVOKING Heroism.
 26824 | Swamp:3  | Noticed esper6's ghost (journeyman GnNe)
 26825 | Swamp:3  | Found a bloodstained altar of Trog.
 26855 | Swamp:3  | Found a transporter.
 26858 | Swamp:3  | Found a transporter.
 26924 | Swamp:3  | 26924 ||| INVOKING Heroism.
 27185 | Swamp:3  | 27185 ||| INVOKING Heroism.
 27271 | Swamp:3  | 27271 ||| PLANNING SNAKE:4
 27408 | Snake:4  | Entered Level 4 of the Snake Pit
 27412 | Snake:4  | Reached skill level 15 in Shields
 27481 | Snake:4  | 27481 ||| Stepping ~*~*~tactically~*~*~ (stealth).
 27491 | Snake:4  | 27491 ||| INVOKING Heroism.
 27496 | Snake:4  | Reached skill level 9 in Throwing
 27496 | Snake:4  | Identified the +6 hand axe of the Changing Ass {venom, Fly
                  | Int-5 Dex+5} (Okawaru gifted it to you on level 4 of the
                  | Snake Pit)
 27496 | Snake:4  | Received a gift from Okawaru
 27520 | Snake:4  | 27520 ||| Stepping ~*~*~tactically~*~*~ (hiding).
 27542 | Snake:4  | 27542 ||| INVOKING Heroism.
 27590 | Snake:4  | 27590 ||| Stepping ~*~*~tactically~*~*~ (hiding).
 27659 | Snake:4  | 27659 ||| Stepping ~*~*~tactically~*~*~ (hiding).
 27660 | Snake:4  | 27660 ||| Stepping ~*~*~tactically~*~*~ (hiding).
 27895 | Snake:4  | 27895 ||| Stepping ~*~*~tactically~*~*~ (hiding).
 27897 | Snake:4  | 27897 ||| Stepping ~*~*~tactically~*~*~ (hiding).
 27900 | Snake:4  | 27900 ||| Stepping ~*~*~tactically~*~*~ (hiding).
 27901 | Snake:4  | 27901 ||| Stepping ~*~*~tactically~*~*~ (hiding).
 27903 | Snake:4  | 27903 ||| INVOKING Heroism.
 27914 | Snake:4  | 27914 ||| Stepping ~*~*~tactically~*~*~ (stealth).
 27974 | Snake:4  | 27974 ||| Stepping ~*~*~tactically~*~*~ (hiding).
 27977 | Snake:4  | 27977 ||| Stepping ~*~*~tactically~*~*~ (hiding).
 27991 | Snake:4  | 27991 ||| Stepping ~*~*~tactically~*~*~ (hiding).
 27992 | Snake:4  | 27992 ||| Stepping ~*~*~tactically~*~*~ (hiding).
 28265 | Snake:4  | 28265 ||| Stepping ~*~*~tactically~*~*~ (hiding).
 28268 | Snake:4  | 28268 ||| Stepping ~*~*~tactically~*~*~ (hiding).
 28269 | Snake:4  | 28269 ||| Stepping ~*~*~tactically~*~*~ (hiding).
 28283 | Snake:4  | 28283 ||| Stepping ~*~*~tactically~*~*~ (hiding).
 28284 | Snake:4  | 28284 ||| Stepping ~*~*~tactically~*~*~ (hiding).
 28285 | Snake:4  | 28285 ||| Stepping ~*~*~tactically~*~*~ (hiding).
 28318 | Snake:4  | Received a gift from Okawaru
 28323 | Snake:4  | 28323 ||| INVOKING Heroism.
 28348 | Snake:4  | Identified the +0 pair of gloves of Quiescent Wonder {*Slow
                  | rPois Int+4 Slay+3} (Okawaru gifted it to you on level 4 of
                  | the Snake Pit)
 28348 | Snake:4  | Received a gift from Okawaru
 28382 | Snake:4  | 28382 ||| FLEEEEING.
 28407 | Snake:4  | 28407 ||| INVOKING Heroism.
 28468 | Snake:4  | 28468 ||| INVOKING Heroism.
 28473 | Snake:4  | 28473 ||| Stepping ~*~*~tactically~*~*~ (hiding).
 28526 | Snake:4  | 28526 ||| Stepping ~*~*~tactically~*~*~ (stealth).
 28530 | Snake:4  | 28530 ||| Stepping ~*~*~tactically~*~*~ (hiding).
 28574 | Snake:4  | 28574 ||| Stepping ~*~*~tactically~*~*~ (hiding).
 28575 | Snake:4  | 28575 ||| Stepping ~*~*~tactically~*~*~ (hiding).
 28576 | Snake:4  | 28576 ||| Stepping ~*~*~tactically~*~*~ (hiding).
 28578 | Snake:4  | 28578 ||| Stepping ~*~*~tactically~*~*~ (hiding).
 28601 | Snake:4  | 28601 ||| Stepping ~*~*~tactically~*~*~ (stealth).
 28605 | Snake:4  | 28605 ||| INVOKING Heroism.
 28630 | Snake:4  | Got a serpentine rune of Zot
 28650 | Snake:4  | 28650 ||| INVOKING Heroism.
 28798 | Snake:4  | 28798 ||| PLANNING VAULTS:1-4
 28798 | Snake:4  | 28798 ||| DROPPING +0 pair of gloves of Quiescent Wonder
                  | {*Slow rPois Int+4 Slay+3}.
 28799 | Snake:4  | 28799 ||| DROPPING +0 kite shield of cold resistance.
 28800 | Snake:4  | 28800 ||| UPGRADING to +1 cloak of willpower.
 29031 | Vaults:1 | Entered Level 1 of the Vaults
 29070 | Vaults:1 | Reached skill level 15 in Armour
 29082 | Vaults:1 | 29082 ||| INVOKING Heroism.
 29088 | Vaults:1 | Reached XP level 19. HP: 87/125 MP: 24/26
 29242 | Vaults:1 | 29242 ||| Stepping ~*~*~tactically~*~*~ (stealth).
 29316 | Vaults:1 | 29316 ||| Stepping ~*~*~tactically~*~*~ (hiding).
 29317 | Vaults:1 | 29317 ||| Stepping ~*~*~tactically~*~*~ (hiding).
 29349 | Vaults:1 | Noticed Asterion
 29350 | Vaults:1 | 29350 ||| Stepping ~*~*~tactically~*~*~ (hiding).
 29352 | Vaults:1 | 29352 ||| Stepping ~*~*~tactically~*~*~ (hiding).
 29354 | Vaults:1 | 29354 ||| INVOKING Heroism.
 29355 | Vaults:1 | 29355 ||| INVOKING Finesse.
 29362 | Vaults:1 | Killed Asterion
 29431 | Vaults:1 | 29431 ||| INVOKING Heroism.
 29442 | Vaults:1 | Identified the +0 kite shield "Xuyntoh" {rPois Str-3 SInv
                  | Stlth+} (Okawaru gifted it to you on level 1 of the Vaults)
 29442 | Vaults:1 | Received a gift from Okawaru
 29589 | Vaults:1 | 29589 ||| Stepping ~*~*~tactically~*~*~ (stealth).
 29591 | Vaults:1 | 29591 ||| Stepping ~*~*~tactically~*~*~ (stealth).
 29662 | Vaults:1 | 29662 ||| INVOKING Heroism.
 29663 | Vaults:1 | 29663 ||| INVOKING Finesse.
 29738 | Vaults:1 | Found Kulympimn's General Store.
 29827 | Vaults:1 | 29827 ||| FLEEEEING.
 29828 | Vaults:1 | 29828 ||| FLEEEEING.
 29829 | Vaults:1 | 29829 ||| STAIRDANCE
 29841 | D:13     | 29841 ||| DROPPING +0 kite shield "Xuyntoh" {rPois Str-3
                  | SInv Stlth+}.
 29842 | D:13     | 29842 ||| DROPPING amulet of magic regeneration.
 29896 | Vaults:1 | 29896 ||| Stepping ~*~*~tactically~*~*~ (stealth).
 29909 | Vaults:1 | Reached skill level 16 in Shields
 30068 | Vaults:1 | 30068 ||| INVOKING Heroism.
 30168 | Vaults:1 | 30168 ||| Stepping ~*~*~tactically~*~*~ (hiding).
 30169 | Vaults:1 | 30169 ||| Stepping ~*~*~tactically~*~*~ (hiding).
 30283 | Vaults:1 | 30283 ||| Stepping ~*~*~tactically~*~*~ (stealth).
 30368 | Vaults:1 | Identified the amulet "Vumyj" {Reflect rN++ Str-5 SH+5}
 30448 | Vaults:1 | 30448 ||| Stepping ~*~*~tactically~*~*~ (hiding).
 30449 | Vaults:1 | 30449 ||| Stepping ~*~*~tactically~*~*~ (hiding).
 30452 | Vaults:1 | 30452 ||| Stepping ~*~*~tactically~*~*~ (hiding).
 30467 | Vaults:1 | Received a gift from Okawaru
 30621 | Vaults:1 | 30621 ||| DROPPING +1 hat of intelligence.
 30622 | Vaults:1 | 30622 ||| DROPPING amulet "Vumyj" {Reflect rN++ Str-5
                  | SH+5}.
 30685 | Vaults:2 | 30685 ||| Stepping ~*~*~tactically~*~*~ (hiding).
 30860 | Vaults:2 | 30860 ||| Stepping ~*~*~tactically~*~*~ (stealth).
 30876 | Vaults:2 | Reached skill level 18 in Fighting
 30982 | Vaults:2 | 30982 ||| Stepping ~*~*~tactically~*~*~ (hiding).
 30983 | Vaults:2 | 30983 ||| Stepping ~*~*~tactically~*~*~ (hiding).
 30994 | Vaults:2 | 30994 ||| INVOKING Heroism.
 31073 | Vaults:2 | 31073 ||| FLEEEEING.
 31074 | Vaults:2 | 31074 ||| FLEEEEING.
 31077 | Vaults:2 | 31077 ||| FLEEEEING.
 31078 | Vaults:2 | 31078 ||| FLEEEEING.
 31079 | Vaults:2 | 31079 ||| FLEEEEING.
 31080 | Vaults:2 | 31080 ||| FLEEEEING.
 31081 | Vaults:2 | 31081 ||| FLEEEEING.
 31082 | Vaults:2 | 31082 ||| FLEEEEING.
 31083 | Vaults:2 | 31083 ||| FLEEEEING.
 31084 | Vaults:2 | 31084 ||| FLEEEEING.
 31085 | Vaults:2 | 31085 ||| FLEEEEING.
 31086 | Vaults:2 | 31086 ||| FLEEEEING.
 31087 | Vaults:2 | 31087 ||| FLEEEEING.
 31088 | Vaults:2 | 31088 ||| FLEEEEING.
 31089 | Vaults:2 | 31089 ||| FLEEEEING.
 31090 | Vaults:2 | 31090 ||| FLEEEEING.
 31091 | Vaults:2 | 31091 ||| FLEEEEING.
 31092 | Vaults:2 | 31092 ||| FLEEEEING.
 31093 | Vaults:2 | 31093 ||| FLEEEEING.
 31094 | Vaults:2 | 31094 ||| FLEEEEING.
 31095 | Vaults:2 | 31095 ||| FLEEEEING.
 31096 | Vaults:2 | 31096 ||| FLEEEEING.
 31097 | Vaults:2 | 31097 ||| FLEEEEING.
 31098 | Vaults:2 | 31098 ||| FLEEEEING.
 31099 | Vaults:2 | 31099 ||| FLEEEEING.
 31100 | Vaults:2 | 31100 ||| FLEEEEING.
 31101 | Vaults:2 | 31101 ||| FLEEEEING.
 31102 | Vaults:2 | 31102 ||| FLEEEEING.
 31103 | Vaults:2 | 31103 ||| FLEEEEING.
 31104 | Vaults:2 | 31104 ||| FLEEEEING.
 31105 | Vaults:2 | 31105 ||| FLEEEEING.
 31106 | Vaults:2 | 31106 ||| FLEEEEING.
 31107 | Vaults:2 | 31107 ||| FLEEEEING.
 31175 | Vaults:2 | 31175 ||| INVOKING Heroism.
 31461 | Vaults:2 | 31461 ||| INVOKING Heroism.
 31470 | Vaults:2 | 31470 ||| Stepping ~*~*~tactically~*~*~ (hiding).
 31471 | Vaults:2 | 31471 ||| Stepping ~*~*~tactically~*~*~ (hiding).
 31473 | Vaults:2 | 31473 ||| Stepping ~*~*~tactically~*~*~ (hiding).
 31474 | Vaults:2 | 31474 ||| Stepping ~*~*~tactically~*~*~ (hiding).
 31475 | Vaults:2 | 31475 ||| Stepping ~*~*~tactically~*~*~ (hiding).
 31566 | Vaults:2 | 31566 ||| Stepping ~*~*~tactically~*~*~ (hiding).
 31572 | Vaults:2 | 31572 ||| INVOKING Heroism.
 31577 | Vaults:2 | Reached XP level 20. HP: 113/136 MP: 24/27
 31619 | Vaults:2 | 31619 ||| Stepping ~*~*~tactically~*~*~ (stealth).
 31746 | Vaults:2 | Reached skill level 6 in Dodging
 31782 | Vaults:2 | 31782 ||| INVOKING Heroism.
 32421 | Vaults:3 | Found a staircase to the Crypt.
 32421 | Vaults:3 | Found a basalt altar of Yredelemnul.
 32422 | Vaults:3 | Found an ancient bone altar of Kikubaaqudgha.
 32443 | Vaults:3 | 32443 ||| Stepping ~*~*~tactically~*~*~ (stealth).
 32444 | Vaults:3 | 32444 ||| Stepping ~*~*~tactically~*~*~ (stealth).
 32462 | Vaults:3 | 32462 ||| Stepping ~*~*~tactically~*~*~ (hiding).
 32554 | Vaults:3 | 32554 ||| Stepping ~*~*~tactically~*~*~ (hiding).
 32559 | Vaults:3 | 32559 ||| Stepping ~*~*~tactically~*~*~ (hiding).
 32693 | Vaults:3 | Identified the +6 war axe of the Median {heavy, rN+}
                  | (Okawaru gifted it to you on level 3 of the Vaults)
 32693 | Vaults:3 | Received a gift from Okawaru
 32898 | Vaults:3 | 32898 ||| INVOKING Heroism.
 32900 | Vaults:3 | 32900 ||| INVOKING Finesse.
 32971 | Vaults:3 | 32971 ||| Stepping ~*~*~tactically~*~*~ (hiding).
 33097 | Vaults:3 | Found Dyjyig's Armour Emporium.
 33098 | Vaults:3 | 33098 ||| Stepping ~*~*~tactically~*~*~ (stealth).
 33253 | Vaults:3 | 33253 ||| Stepping ~*~*~tactically~*~*~ (hiding).
 33572 | Vaults:4 | Found Osak's Armour Shoppe.
 33600 | Vaults:4 | 33600 ||| INVOKING Heroism.
 33849 | Vaults:4 | 33849 ||| FLEEEEING.
 33850 | Vaults:4 | 33850 ||| FLEEEEING.
 33851 | Vaults:4 | 33851 ||| FLEEEEING.
 33852 | Vaults:4 | 33852 ||| FLEEEEING.
 33853 | Vaults:4 | 33853 ||| FLEEEEING.
 33854 | Vaults:4 | 33854 ||| FLEEEEING.
 33855 | Vaults:4 | 33855 ||| FLEEEEING.
 33856 | Vaults:4 | 33856 ||| FLEEEEING.
 33857 | Vaults:4 | 33857 ||| FLEEEEING.
 33860 | Vaults:4 | 33860 ||| FLEEEEING.
 33914 | Vaults:4 | Reached skill level 18 in Armour
 33955 | Vaults:4 | 33955 ||| Stepping ~*~*~tactically~*~*~ (hiding).
 33956 | Vaults:4 | 33956 ||| Stepping ~*~*~tactically~*~*~ (hiding).
 34105 | Vaults:4 | 34105 ||| Stepping ~*~*~tactically~*~*~ (hiding).
 34112 | Vaults:4 | 34112 ||| INVOKING Heroism.
 34118 | Vaults:4 | Received a gift from Okawaru
 34200 | Vaults:4 | 34200 ||| Stepping ~*~*~tactically~*~*~ (hiding).
 34207 | Vaults:4 | Reached skill level 17 in Shields
 34209 | Vaults:4 | 34209 ||| Stepping ~*~*~tactically~*~*~ (stealth).
 34253 | Vaults:4 | 34253 ||| Stepping ~*~*~tactically~*~*~ (hiding).
 34260 | Vaults:4 | Received a gift from Okawaru
 34293 | Vaults:4 | 34293 ||| Stepping ~*~*~tactically~*~*~ (stealth).
 34296 | Vaults:4 | 34296 ||| Stepping ~*~*~tactically~*~*~ (hiding).
 34304 | Vaults:4 | 34304 ||| Stepping ~*~*~tactically~*~*~ (hiding).
 34306 | Vaults:4 | 34306 ||| Stepping ~*~*~tactically~*~*~ (hiding).
 34307 | Vaults:4 | 34307 ||| Stepping ~*~*~tactically~*~*~ (hiding).
 34342 | Vaults:4 | 34342 ||| Stepping ~*~*~tactically~*~*~ (hiding).
 34548 | Vaults:4 | Received a gift from Okawaru
 34678 | Vaults:4 | 34678 ||| READING scroll of enchant armour.
 34678 | Vaults:4 | 34678 ||| ENCHANTING +1 cloak of willpower.
 34736 | Vaults:4 | 34736 ||| INVOKING Heroism.
 34743 | Vaults:4 | Reached XP level 21. HP: 75/145 MP: 26/28
 34885 | Vaults:4 | Found Fauloiku's General Store.
 34889 | Vaults:4 | 34889 ||| BUYING potion of attraction (57 gold).
 34889 | Vaults:4 | Bought a potion of attraction for 57 gold pieces
 34920 | Vaults:4 | 34920 ||| Stepping ~*~*~tactically~*~*~ (hiding).
 35160 | Vaults:4 | 35160 ||| INVOKING Heroism.
 35307 | Vaults:4 | 35307 ||| PLANNING SWAMP:4
 35307 | Vaults:4 | 35307 ||| UPGRADING to +0 tower shield.
 35317 | Vaults:4 | 35317 ||| DROPPING +2 cloak.
 35318 | Vaults:4 | 35318 ||| DROPPING +6 ring of intelligence.
 35566 | Swamp:4  | Entered Level 4 of the Swamp
 35572 | Swamp:4  | Received a gift from Okawaru
 35580 | Swamp:4  | Noticed Mlioglotl
 35584 | Swamp:4  | 35584 ||| FLEEEEING.
 35585 | Swamp:4  | 35585 ||| FLEEEEING.
 35586 | Swamp:4  | 35586 ||| STAIRDANCE
 35587 | Swamp:4  | Noticed a bone dragon
 35675 | Swamp:4  | Killed Mlioglotl
 35676 | Swamp:4  | 35676 ||| FLEEEEING.
 35677 | Swamp:4  | 35677 ||| STAIRDANCE
 35729 | Swamp:4  | 35729 ||| FLEEEEING.
 35730 | Swamp:4  | 35730 ||| FLEEEEING.
 35731 | Swamp:4  | 35731 ||| FLEEEEING.
 35732 | Swamp:4  | 35732 ||| FLEEEEING.
 35733 | Swamp:4  | 35733 ||| FLEEEEING.
 35734 | Swamp:4  | 35734 ||| FLEEEEING.
 35735 | Swamp:4  | 35735 ||| FLEEEEING.
 35736 | Swamp:4  | 35736 ||| STAIRDANCE
 35851 | Swamp:4  | Identified the -1 pair of boots "Neli" {*Corrode rF++ MP+9}
 35880 | Swamp:4  | 35880 ||| Stepping ~*~*~tactically~*~*~ (stealth).
 35885 | Swamp:4  | Received a gift from Okawaru
 35886 | Swamp:4  | 35886 ||| Stepping ~*~*~tactically~*~*~ (hiding).
 35891 | Swamp:4  | 35891 ||| FLEEEEING.
 35894 | Swamp:4  | 35894 ||| INVOKING Heroism.
 36042 | Swamp:4  | 36042 ||| Stepping ~*~*~tactically~*~*~ (stealth).
 36051 | Swamp:4  | 36051 ||| Stepping ~*~*~tactically~*~*~ (stealth).
 36055 | Swamp:4  | 36055 ||| Stepping ~*~*~tactically~*~*~ (stealth).
 36084 | Swamp:4  | Reached skill level 18 in Shields
 36094 | Swamp:4  | 36094 ||| Stepping ~*~*~tactically~*~*~ (stealth).
 36095 | Swamp:4  | 36095 ||| Stepping ~*~*~tactically~*~*~ (stealth).
 36096 | Swamp:4  | 36096 ||| Stepping ~*~*~tactically~*~*~ (stealth).
 36100 | Swamp:4  | Reached ****** piety under Okawaru
 36111 | Swamp:4  | 36111 ||| Stepping ~*~*~tactically~*~*~ (stealth).
 36116 | Swamp:4  | 36116 ||| Stepping ~*~*~tactically~*~*~ (stealth).
 36117 | Swamp:4  | 36117 ||| Stepping ~*~*~tactically~*~*~ (stealth).
 36121 | Swamp:4  | Identified the +2 ring mail of the Salamander {rN+}
                  | (Okawaru gifted it to you on level 4 of the Swamp)
 36121 | Swamp:4  | Received a gift from Okawaru
 36122 | Swamp:4  | 36122 ||| Stepping ~*~*~tactically~*~*~ (hiding).
 36127 | Swamp:4  | 36127 ||| Stepping ~*~*~tactically~*~*~ (stealth).
 36154 | Swamp:4  | 36154 ||| INVOKING Heroism.
 36219 | Swamp:4  | 36219 ||| Stepping ~*~*~tactically~*~*~ (stealth).
 36222 | Swamp:4  | 36222 ||| Stepping ~*~*~tactically~*~*~ (hiding).
 36223 | Swamp:4  | 36223 ||| Stepping ~*~*~tactically~*~*~ (hiding).
 36265 | Swamp:4  | Got a decaying rune of Zot
 36284 | Swamp:4  | 36284 ||| Stepping ~*~*~tactically~*~*~ (stealth).
 36286 | Swamp:4  | 36286 ||| Stepping ~*~*~tactically~*~*~ (stealth).
 36292 | Swamp:4  | 36292 ||| Stepping ~*~*~tactically~*~*~ (stealth).
 36529 | Swamp:4  | 36529 ||| PLANNING DEPTHS
 36711 | Depths:1 | Entered Level 1 of the Depths
 36745 | Depths:1 | 36745 ||| INVOKING Heroism.
 36749 | Depths:1 | Reached skill level 19 in Shields
 36865 | Depths:1 | 36865 ||| INVOKING Heroism.
 36866 | Depths:1 | 36866 ||| INVOKING Finesse.
 36945 | Depths:1 | 36945 ||| INVOKING Heroism.
 36947 | Depths:1 | 36947 ||| Stepping ~*~*~tactically~*~*~ (hiding).
 37041 | Depths:1 | 37041 ||| INVOKING Heroism.
 37042 | Depths:1 | 37042 ||| INVOKING Finesse.
 37124 | Depths:1 | Found Biethune's General Store.
 37127 | Depths:1 | 37127 ||| BUYING +4 ring of protection (648 gold).
 37127 | Depths:1 | Bought a +4 ring of protection for 648 gold pieces
 37127 | Depths:1 | 37127 ||| BUYING potion of attraction (54 gold).
 37127 | Depths:1 | Bought a potion of attraction for 54 gold pieces
 37330 | Depths:1 | Found a gateway to Hell.
 37501 | Depths:1 | 37501 ||| DROPPING ring of willpower.
 37502 | Depths:1 | 37502 ||| DROPPING +6 ring of dexterity.
 37505 | Depths:1 | 37505 ||| INVOKING Heroism.
 37506 | Depths:1 | 37506 ||| INVOKING Finesse.
 37699 | Depths:1 | 37699 ||| Stepping ~*~*~tactically~*~*~ (hiding).
 37702 | Depths:1 | Received a gift from Okawaru
 37703 | Depths:1 | 37703 ||| Stepping ~*~*~tactically~*~*~ (hiding).
 37711 | Depths:1 | Reached skill level 20 in Shields
 37921 | Depths:1 | 37921 ||| INVOKING Finesse.
 37981 | Depths:1 | 37981 ||| INVOKING Finesse.
 38025 | Depths:1 | 38025 ||| INVOKING Finesse.
 38026 | Depths:1 | 38026 ||| INVOKING Finesse.
 38090 | Depths:1 | Found a runed translucent door.
 38092 | Depths:1 | Found a runed translucent door.
 38175 | Depths:1 | 38175 ||| DROPPING +4 ring of protection.
 38324 | Depths:2 | 38324 ||| Stepping ~*~*~tactically~*~*~ (stealth).
 38331 | Depths:2 | 38331 ||| Stepping ~*~*~tactically~*~*~ (hiding).
 38333 | Depths:2 | 38333 ||| Stepping ~*~*~tactically~*~*~ (hiding).
 38338 | Depths:2 | 38338 ||| Stepping ~*~*~tactically~*~*~ (hiding).
 38343 | Depths:2 | 38343 ||| FLEEEEING.
 38345 | Depths:2 | 38345 ||| FLEEEEING.
 38407 | Depths:2 | Found a one-way gateway to a ziggurat.
 38413 | Depths:2 | 38413 ||| Stepping ~*~*~tactically~*~*~ (stealth).
 38424 | Depths:2 | Noticed a juggernaut
 38424 | Depths:2 | 38424 ||| INVOKING Heroism.
 38425 | Depths:2 | 38425 ||| INVOKING Finesse.
 38435 | Depths:2 | Reached XP level 22. HP: 136/152 MP: 22/29
 38439 | Depths:2 | Killed a juggernaut
 38481 | Depths:2 | 38481 ||| INVOKING Heroism.
 38782 | Depths:2 | 38782 ||| INVOKING Heroism.
 38783 | Depths:2 | 38783 ||| INVOKING Finesse.
 38794 | Depths:2 | Received a gift from Okawaru
 38923 | Depths:2 | Received a gift from Okawaru
 38925 | Depths:2 | 38925 ||| INVOKING Heroism.
 38977 | Depths:2 | 38977 ||| INVOKING Heroism.
 38990 | Depths:2 | 38990 ||| Stepping ~*~*~tactically~*~*~ (cloud).
 39111 | Depths:2 | 39111 ||| INVOKING Heroism.
 39129 | Depths:2 | Received a gift from Okawaru
 39130 | Depths:2 | 39130 ||| INVOKING Finesse.
 39162 | Depths:2 | Reached skill level 21 in Shields
 39179 | Depths:2 | Received a gift from Okawaru
 39179 | Depths:2 | HP: 30/152 [fire giant/+2 great sword of flaming (17)]
 39180 | Depths:2 | 39180 ||| READING 10 scrolls of teleportation.
 39180 | Depths:2 | HP: 14/152 [iron troll (9)]
 39180 | Depths:2 | Slain by a deep troll earth mage

Levels and vault maps discovered:
D:1:      dpeg_arrival_windows_large_door, layout_loops_ring,
          basic_ecumenical_altar, hangedman_decor_push, serial_bayou_pond_e,
          kennysheep_minor_cross, kennysheep_another_room,
          chequers_serial_rivers_micro_b, hangedman_feature_mirror, minivault_5,
          minivault_5, minmay_octomino_e4
D:2:      layout_basic, kennysheep_donut, uniq_terence, uniq_robin
D:3:      layout_basic, xom_teletrap_fun
D:4:      layout_cave_pools, makhleb_blood_cavern_becter, serial_glass,
          glass_columns_a, glass_columns_b, chequers_avenue, minmay_circle_x
D:5:      layout_rooms, mainiacjoe_overflow_paths, nicolae_stop_n_shop_2,
          chequers_serial_rivers_small_3
D:6:      layout_basic, mainiacjoe_overflow_six_doors_small, uniq_menkaure,
          uniq_grinder
D:7:      layout_basic, mainiacjoe_overflow_small_starburst, temple_doors_ab,
          serial_shops, nicolae_shop_window_shopping
D:8:      nicolae_cairo_tiling_large_dashed, layout_basic, kennysheep_mini_moat,
          serial_undead, serial_undead_c, serial_undead_c, serial_undead_c,
          serial_undead_c, serial_undead_d, serial_undead_a, serial_undead_c
D:9:      layout_layer_cave, nicolae_overflow_squiral,
          chequers_temple_overflow_minitemple
D:10:     layout_cave_pools, lair_entry_dummy, serial_shops,
          nicolae_shop_mannequins, shop, shop, shop, kennysheep_small_spiral
D:11:     layout_gridville, zombieorc1_lemuel
D:12:     layout_roguey, portal_ice_cave_entry_imps, cheibriados_altar_1
D:13:     layout_roguey, david_vaults_2, serial_rivers,
          chequers_serial_rivers_small_b, chequers_serial_rivers_room_b,
          chequers_serial_rivers_micro_e, chequers_serial_rivers_marsh,
          chequers_serial_rivers_small_b, nicolae_hepliaklqana_hippocampus
D:14:     layout_cave_pools, basic_altar, nicolae_fountain_basement,
          uniq_jorgrun
D:15:     grunt_enter_depths_magical_seal, layout_long_grid,
          nicolae_twisting_strands, gammafunk_ghost_arena
Temple:   nicolae_temple_bog_church
Lair:1:   layout_hall_layers, uniq_maggie, uniq_urug
Lair:2:   gammafunk_indiana_jones, layout_regular_city, minmay_swamp_entry_eels,
          guppyfry_snake_entry_island, basic_altar, grunt_megastairs_2
Lair:3:   gammafunk_worm_tunnel, layout_hall_layers, basic_altar,
          evilmike_ambush [evilmike_ambush_outer_basic,
          evilmike_ambush_inner_pond], uniq_snorg, uniq_josephine, uniq_kirke
Lair:4:   layout_regular_city, wad_woods_river_01
Lair:5:   cheibrodos_lair_end_hotspot, layout_hall_layers, slime_entry_1
Swamp:1:  layout_basic_swamp, gammafunk_ghost_abyssal_escape,
          nicolae_swamp_trees_clearing, swamp_pool2, uniq_roxanne
Swamp:2:  layout_basic_swamp, nicolae_swamp_tree_designs
Swamp:3:  layout_basic_swamp, gammafunk_ghost_wrathful_warriors,
          hangedman_swamp_ruin_hall, swamp_pool3, infiniplex_staircase_pool
Swamp:4:  swamp_fiery, layout_basic_swamp, uniq_mlioglotl
Snake:1:  layout_chambers, uniq_nikola
Snake:2:  layout_cave_town, minmay_shoptagon, uniq_donald
Snake:3:  layout_basic, uniq_vashnia
Snake:4:  johnstein_snake_rune_scales, layout_misc_corridors,
          serial_bayou_lake_a
Orc:1:    layout_diamond_mine
Orc:2:    grunt_orc_cross, layout_caves, roderic_batcave, uniq_saint_roka
Vaults:1: nicolae_vaults_oval_intersection, hangedman_vaults_stretched_pinwheel,
          nicolae_vaults_diamond_2, vaults_room_stairs_pillars,
          vaults_dpeg_spiral, vaults_dpeg_encased_lava, vaults_mumra_lcd,
          v_misc_10, nicolae_vaults_hallways_thing, v_rooms_5,
          nicolae_vaults_shipping_containers_5, hangedman_vaults_nails,
          ontoclasm_vaults_chip, hangedman_vaults_snaps,
          layout_vaults_omnicross, serial_shops, nicolae_shop_crystal,
          uniq_asterion
Vaults:2: nicolae_vaults_rhombus_5, nicolae_vaults_security_offices_2, v_misc_9,
          nicolae_vaults_trapezoid_lopsided_4, vaults_room_hallway,
          nicolae_vaults_alarming, hangedman_vaults_nails, v_misc_3,
          nicolae_vaults_little_squares_6, layout_vaults_omnigrid
Vaults:3: hangedman_vaults_capsules, minmay_crypt_entry_necro_gods,
          nicolae_vaults_twisting_passages, nicolae_vaults_loss_of_containment,
          v_misc_25, nicolae_vaults_wine_cellar, ontoclasm_vaults_spin,
          nicolae_vaults_theta, nicolae_vaults_variable_pillar_hall,
          v_alt_pattern_2, nicolae_vaults_taking_the_gang_shopping, v_misc_24,
          nicolae_vaults_little_ls, layout_vaults_maze_bifur
Vaults:4: hangedman_vaults_pinch, ontoclasm_vaults_bender,
          nicolae_vaults_stand_back, dpeg_vaults_monster_box,
          nicolae_vaults_storage_closets_2, nicolae_vaults_more_shelving_2,
          nicolae_vaults_frosty_reception, vaults_room_hallway,
          nicolae_vaults_tetromino_L_1, grunt_vaults_twisty,
          layout_vaults_big_room, serial_shops, shop
Depths:1: minmay_the_grid_triangle_9x9_recursive_3
          [minmay_the_grid_triangle_9x9_subtriangle,
          minmay_the_grid_triangle_9x9_limited_checkers,
          minmay_the_grid_triangle_9x9_sprig,
          minmay_the_grid_triangle_9x9_prize_center,
          minmay_the_grid_triangle_9x9_skeleton,
          minmay_the_grid_triangle_9x9_stretched_checkered,
          minmay_the_grid_triangle_9x9_semitri,
          minmay_the_grid_triangle_9x9_tough_junction,
          minmay_the_grid_triangle_9x9_minimal], layout_cave_shapes,
          serial_shops, nicolae_shop_real_fake_doors, serial_column_ruins,
          column_ruins_portal_astroid, column_ruins_grid_1,
          column_ruins_columns_straight, column_ruins_grid_1,
          column_ruins_open_small, hell_entry, minmay_hedge_maze
Depths:2: minmay_connected_boxes_in_corner, layout_cave_pools, enter_ziggurat_d,
          nicolae_water_bricks, abyss_entry, pan_entry, grunt_hell_entry_dis_mu,
          lemuel_flamethrower_3, infiniplex_staircase_zigzag_2

Skill      XL: |  1  2  3  4  5  6  7  8  9 10 11 12 13 14 15 16 17 18 19 20 21 22 |
---------------+-------------------------------------------------------------------+-----
Axes           | 2 3 4 5 6 7 9 10 11 12 14 16 17 18 | 18.0
Throwing       | 1 2 3 4 6 7 8 9 |  9.4
Shields        | 5 6 7 8 9 10 11 12 13 14 15 16 17 20 21 | 21.0
Fighting       | 4 5 6 7 8 9 12 13 15 16 18 19 20 | 20.3
Armour         | 4 5 7 8 9 10 11 12 13 15 16 18 19 | 19.0
Dodging        | 1 2 3 4 5 6 7 |  7.0
Invocations    | 4 6 10 | 10.0

Action                     |  1- 3 |  4- 6 |  7- 9 | 10-12 | 13-15 | 16-18 | 19-21 | 22-24 || total
---------------------------+-------+-------+-------+-------+-------+-------+-------+-------++-------
  Melee: War axe           |    67 |    82 |   162 |   106 |       |       |       |       ||   417
         Broad axe         |       |       |       |   229 |   461 |   927 |  1022 |   179 ||  2818
  Throw: Javelin           |     8 |    33 |    59 |    62 |    63 |    96 |   130 |     4 ||   455
         Boomerang         |       |    13 |       |    11 |   186 |    32 |   157 |    19 ||   418
 Invoke: Heroism           |       |       |     1 |    16 |    13 |    33 |    22 |     5 ||    90
         Finesse           |       |       |       |     1 |     3 |     5 |    10 |     2 ||    21
    Use: Scroll            |     8 |    13 |     5 |     8 |     8 |     2 |     1 |     1 ||    46
         Potion            |       |       |       |     3 |     1 |     2 |       |       ||     6
   Stab: Distracted        |       |       |       |       |       |       |     1 |       ||     1
 Armour: Scale mail        |    30 |       |       |       |       |       |       |       ||    30
         Plate armour      |     9 |    52 |    88 |   154 |   184 |   343 |   447 |    55 ||  1332
  Dodge: Dodged            |    30 |    25 |    23 |    65 |    88 |   166 |   230 |    41 ||   668
  Block: Buckler           |    11 |     5 |       |       |       |       |       |       ||    16
         Kite shield       |       |    72 |   157 |   279 |   332 |   691 |   380 |       ||  1911
         Tower shield      |       |       |       |       |       |       |   271 |    97 ||   368

Table legend:
 A = Non-vault XP
 B = Vault XP
 C = Vault XP percentage of total XP
 D = Non-vault monster count
 E = Vault monster count
 F = Vault count percentage of total count
                 A         B        C        D         E       F
            +---------+---------+-------+---------+---------+-------
      Total |  421059 |  202091 |  32.4 |    1024 |     422 |  29.2
            +---------+---------+-------+---------+---------+-------
        D:1 |      39 |      10 |  20.4 |      21 |       5 |  19.2
        D:2 |      47 |      71 |  60.2 |      11 |      12 |  52.2
        D:3 |      45 |       0 |   0.0 |      15 |       0 |   0.0
        D:4 |     225 |     159 |  41.4 |      20 |      10 |  33.3
        D:5 |     708 |       0 |   0.0 |      18 |       0 |   0.0
        D:6 |     935 |     433 |  31.7 |      21 |       2 |   8.7
        D:7 |    1398 |       0 |   0.0 |      21 |       0 |   0.0
        D:8 |     382 |    1630 |  81.0 |      10 |      15 |  60.0
        D:9 |    2961 |       0 |   0.0 |      30 |       0 |   0.0
       D:10 |    4876 |       0 |   0.0 |      22 |       0 |   0.0
       D:11 |    3599 |     809 |  18.4 |      22 |      29 |  56.9
       D:12 |    6415 |     120 |   1.8 |      25 |      12 |  32.4
       D:13 |   10188 |    2467 |  19.5 |      32 |       3 |   8.6
       D:14 |    6648 |    3768 |  36.2 |      14 |       5 |  26.3
       D:15 |   12316 |    5176 |  29.6 |      24 |      10 |  29.4
     Lair:1 |    3698 |    1206 |  24.6 |      20 |       2 |   9.1
     Lair:2 |    2370 |    1927 |  44.8 |      20 |       7 |  25.9
     Lair:3 |    6483 |    6948 |  51.7 |      25 |      19 |  43.2
     Lair:4 |    6456 |    1504 |  18.9 |      23 |       5 |  17.9
     Lair:5 |    9124 |    6804 |  42.7 |      26 |      27 |  50.9
    Swamp:1 |    5963 |    1404 |  19.1 |      12 |       1 |   7.7
    Swamp:2 |   18285 |       0 |   0.0 |      30 |       0 |   0.0
    Swamp:3 |    7907 |     860 |   9.8 |      16 |       2 |  11.1
    Swamp:4 |   14941 |   16698 |  52.8 |      23 |      26 |  53.1
    Snake:1 |   20025 |    2343 |  10.5 |      38 |       1 |   2.6
    Snake:2 |   16198 |    1371 |   7.8 |      30 |       1 |   3.2
    Snake:3 |   29488 |    5396 |  15.5 |      57 |       4 |   6.6
    Snake:4 |   25072 |   27505 |  52.3 |      53 |      46 |  46.5
      Orc:1 |    2881 |       0 |   0.0 |      34 |       0 |   0.0
      Orc:2 |    2514 |    9570 |  79.2 |      30 |      43 |  58.9
   Vaults:1 |   41309 |   25166 |  37.9 |      62 |      36 |  36.7
   Vaults:2 |   27880 |   11624 |  29.4 |      46 |      17 |  27.0
   Vaults:3 |   10175 |   15926 |  61.0 |      17 |      26 |  60.5
   Vaults:4 |   35383 |   27809 |  44.0 |      48 |      30 |  38.5
   Depths:1 |   35881 |   11131 |  23.7 |      43 |      13 |  23.2
   Depths:2 |   48244 |   12256 |  20.3 |      65 |      13 |  16.7
            +---------+---------+-------+---------+---------+-------
